 Dungeon Crawl Stone Soup version 0.21.1-1-g345015fe64 (webtiles) character file.

1404004 FelidMasterRace the Acrobat (level 26, 133/133 HPs)
             Began as a Felid Venom Mage on July 8, 2018.
             Was the Champion of Ru.
             Escaped with the Orb
             ... and 3 runes on July 9, 2018!
             The game lasted 08:00:46 (102069 turns).

FelidMasterRace the Acrobat (Felid Venom Mage)    Turns: 102069, Time: 08:00:47

Health: 133/133    AC:  0    Str:  8    XL:     26   Next: 26%
Magic:  36/44      EV: 44    Int: 20    God:    Ru [******]
Gold:   2769       SH:  0    Dex: 30    Spells: 6/50 levels left
                                        Lives:  2   Deaths: 2

rFire    x . .     SeeInvis +     - Unarmed
rCold    . . .     Gourm    .   (shield unavailable)
rNeg     . . .     Faith    .   (armour unavailable)
rPois    .         Spirit   .   (helmet unavailable)
rElec    .         Reflect  .   (cloak unavailable)
rCorr    +         Harm     .   (gloves unavailable)
MR       ++++.                  (boots unavailable)
Stlth    +++.......             w - amulet of regeneration
HPRegen  0.72/turn              M - ring of Butchery {MR+ EV+1 Str+2}
MPRegen  0.29/turn              c - ring of Qacis {rCorr Int-2 Dex+7 Stlth+}

@: exhausted, drained, quick
A: very small, no armour, no weapons or thrown items, stealth, claws 1, fangs 3,
yellow scales 1, see invisible, carnivore, speed 1, high mp 1, sense
surroundings 1, shaggy fur 3, slow metabolism 1, strong 1, subdued magic 1,
inability to drink while threatened, hated by all, reduced AC 1, sharp paws,
temperature sensitive
0: Orb of Zot
}: 3/15 runes: decaying, serpentine, abyssal
a: Draw Out Power, Power Leap, Apocalypse, Renounce Religion


You escaped.
You worshipped Ru.
Ru was exalted by your worship.
You were not hungry.

You visited 10 branches of the dungeon, and saw 49 of its levels.
You visited the Abyss 1 time.
You also visited: Trove and Sewer.

You collected 6118 gold pieces.
You spent 3349 gold pieces at shops.

Inventory:

Jewellery
 a - the cursed necklace of Bloodlust {*Rage +Rage MR++ Int-3 Slay+6 *Curse}
   (You found it on level 1 of the Realm of Zot)

   [amulet of rage]

   It affects your intelligence (-3).
   It affects your accuracy and damage with ranged weapons and melee attacks
   (+6).
   It affects your resistance to hostile enchantments.
   It lets you go berserk.
   It may make you go berserk in combat.
   It curses itself when equipped.
   It has a curse placed upon it.
 c - the ring of Qacis (right paw) {rCorr Int-2 Dex+7 Stlth+}
   (You found it on level 11 of the Dungeon)

   [ring of resist corrosion]

   It affects your intelligence (-2).
   It affects your dexterity (+7).
   It makes you more stealthy.
 g - an uncursed ring of ice
 j - the ring of Irrepressible Laughter {+Blink rN+++ Int+2 Dex-2 SInv}
   (You found it in a treasure trove)

   [ring of see invisible]

   It affects your intelligence (+2).
   It affects your dexterity (-2).
   It renders you almost immune to negative energy.
   It lets you see invisible.
   It lets you blink.
 s - the ring of the Illusory Ghosts {*Corrode +Blink MR+++ Int+2 SInv}
   (You found it in a treasure trove)

   [ring of intelligence]

   It affects your intelligence (+2).
   It affects your resistance to hostile enchantments.
   It lets you see invisible.
   It lets you blink.
   It may corrode you when you take damage.
 w - an amulet of regeneration (around neck)
 B - the ring "Reticeob" {+Blink Int+4 Stlth+}
   (You found it in a treasure trove)

   [ring of stealth]

   It affects your intelligence (+4).
   It lets you blink.
   It makes you more stealthy.
 D - the ring "Myenleev" {rN+ Dex+3 Slay+2}
   (You found it in a treasure trove)

   [ring of positive energy]

   It affects your dexterity (+3).
   It affects your accuracy and damage with ranged weapons and melee attacks
   (+2).
   It protects you from negative energy.
 F - the ring of the Coward {rPois rF+ MP-9 Str+3 Dex+4}
   (You took it off a vampire knight on level 4 of the Depths)

   [ring of protection from fire]

   It affects your strength (+3).
   It affects your dexterity (+4).
   It protects you from fire.
   It protects you from poison.
   It affects your magic capacity (-9).
 I - the ring "Jyonesomeg" {Int+5 Dex+6 SInv}
   (You acquired it on level 2 of the Depths)

   [ring of intelligence]

   It affects your intelligence (+5).
   It affects your dexterity (+6).
   It lets you see invisible.
 M - the ring of Butchery (left paw) {MR+ EV+1 Str+2}
   (You found it in a treasure trove)

   [ring of evasion]

   It affects your evasion (+1).
   It affects your strength (+2).
   It affects your resistance to hostile enchantments.
 P - the ring of Charity {+Fly rPois}
   (You acquired it on level 13 of the Dungeon)

   [ring of flight]

   It protects you from poison.
   It lets you fly.
 R - the cursed ring of Nuet {-Tele Str+4 Dex+2 Slay-5}
   (You found it on level 6 of the Lair of Beasts)

   [ring of slaying]

   It affects your strength (+4).
   It affects your dexterity (+2).
   It affects your accuracy and damage with ranged weapons and melee attacks
   (-5).
   It prevents most forms of teleportation.
   It has a curse placed upon it.
 T - a +3 ring of slaying
 W - the ring of Dooraf {rElec rPois MR++ SInv Stlth-}
   (You found it on level 4 of the Depths)

   [ring of see invisible]

   It insulates you from electricity.
   It protects you from poison.
   It affects your resistance to hostile enchantments.
   It lets you see invisible.
   It makes you less stealthy.
Wands
 e - a wand of acid (22)
 l - a wand of disintegration (21)
 o - a wand of digging (94)
 v - a wand of iceblast (46)
 x - a wand of clouds (2)
 G - a wand of paralysis (72)
 J - a wand of scattershot (9)
Scrolls
 i - 8 scrolls of teleportation
 k - 24 scrolls of remove curse
 m - 9 scrolls of amnesia
 r - 2 scrolls of magic mapping
 y - 4 scrolls of blinking
 A - a scroll of fear
 N - 11 scrolls of identify
 O - 2 scrolls of silence
 V - 6 scrolls of vulnerability
 X - 6 scrolls of fog
Potions
 d - 5 potions of ambrosia
 f - 9 potions of flight
 h - 3 potions of berserk rage
 q - 8 potions of heal wounds
 t - 4 potions of magic
 u - 17 potions of curing
 z - 8 potions of invisibility
 C - 2 potions of agility
 K - 4 potions of haste
 L - a potion of resistance
 Q - 4 potions of cancellation
 S - 3 potions of mutation
 Y - 4 potions of brilliance
Books
 p - a book of Maledictions

   Spells                             Type                      Level
   a - Corona                         Hexes                        1
   b - Ensorcelled Hibernation        Hexes/Ice                    2
   c - Confuse                        Hexes                        3
   d - Tukima's Dance                 Hexes                        3
   e - Dazzling Spray                 Conjuration/Hexes            3
 H - a book of Necromancy

   Spells                             Type                      Level
   a - Pain                           Necromancy                   1
   b - Animate Skeleton               Necromancy                   1
   c - Vampiric Draining              Necromancy                   3
   d - Regeneration                   Charms/Necromancy            3
   e - Animate Dead                   Necromancy                   4
   f - Borgnjor's Vile Clutch         Necromancy/Earth             5
 U - a book of Enchantments

   Spells                             Type                      Level
   a - Cause Fear                     Hexes                        4
   b - Yara's Violent Unravelling     Hexes/Transmutation          5
   c - Silence                        Hexes/Air                    5
   d - Deflect Missiles               Charms/Air                   6
   e - Discord                        Hexes                        8
Miscellaneous
 E - a fan of gales (inert)
 Z - a lightning rod (4/4)
Comestibles
 b - 49 rations


   Skills:
 + Level 21.0(19.3) Fighting
 + Level 26.1(24.2) Dodging
 - Level 15.0(13.5) Stealth
 * Level 26.0(24.1) Unarmed Combat
 - Level 12.5(11.0) Spellcasting
 - Level 2.0(0.9) Conjurations
 - Level 13.0(11.5) Hexes
 - Level 11.4(10.0) Charms
 - Level 8.7(7.4) Necromancy
 - Level 7.1(5.9) Translocations
 - Level 11.4(10.0) Transmutations
 - Level 9.5(8.2) Air Magic
 - Level 10.7(9.3) Earth Magic
 - Level 5.0(3.8) Poison Magic
 - Level 8.1(6.8) Evocations


You had 6 spell levels left.
You knew the following spells:

 Your Spells              Type           Power        Failure   Level  Hunger
c - Confuse               Hex            #####...     1%          3    None
g - Passage of Golubria   Tloc           N/A          4%          4    ##.....
o - Mephitic Cloud        Conj/Pois/Air  ###.....     2%          3    None
r - Regeneration          Chrm/Necr      #####.....   1%          3    None
s - Statue Form           Tmut/Erth      #####....    14%         6    ######.
A - Apportation           Tloc           ####..       1%          1    None
I - Invisibility          Hex            #####...     7%          6    ######.
M - Deflect Missiles      Chrm/Air       #####.....   19%         6    ######.
O - Olgreb's Toxic Radia  Pois           ###.....     10%         4    ##.....
T - Confusing Touch       Hex            #####.       1%          1    None
W - Passwall              Tmut/Erth      #####.....   1%          2    None
Z - Borgnjor's Vile Clut  Necr/Erth      ####......   4%          5    ####...


Dungeon Overview and Level Annotations

Branches:
Dungeon (15/15)            Temple (1/1) D:4            Lair (6/6) D:9
  Swamp (4/4) Lair:3        Snake (4/4) Lair:3        Slime (0/5) Lair:5
    Orc (2/2) D:12            Elf (3/3) Orc:2        Vaults (4/5) D:13
  Crypt (0/3) Vaults:3     Depths (5/5) D:15            Zot (5/5) Depths:5

Altars:
Ashenzari
Cheibriados
Dithmenos
Elyvilon
Fedhas
Gozag
Hepliaklqana
Kikubaaqudgha
Makhleb
Nemelex Xobeh
Okawaru
Qazlal
Ru
Sif Muna
Trog
Uskayaw
Vehumet
Wu Jian
Xom
Yredelemnul
Zin
The Shining One
Jiyva

Shops:
D:9 [   D:12 }   Orc:1 %   Orc:2 [([*?   Elf:2 :   Elf:3 :   Snake:2 !%*

Portals:
Hell: Depths:1 Depths:2 Depths:3 Depths:4 Depths:5
Abyss: Depths:2 Depths:3 Depths:4
Pandemonium: Depths:3
Ziggurat: Depths:4

Annotations:
Swamp:3 Mara!11
Swamp:4 Bai Suzhen!11, exclusion: upstairs, Bai Suzhen, Louise
Snake:1 exclusion: downstairs
Snake:2 Vashnia
Vaults:4 exclusion: 4 downstairs
Depths:1 1 runed door
Depths:2 exclusion: downstairs
Zot:1 26 runed doors


Innate Abilities, Weirdness & Mutations

You cannot wear armour.
You are incapable of wielding weapons or throwing items.
Your paws allow you to move quietly. (Stealth)
You have sharp claws.
You have razor-sharp teeth.
You have supernaturally acute eyesight. (SInv)
You are carnivorous and can eat meat at any time.
You cover ground quickly.
Your thick and shaggy fur keeps you warm. (AC +3, rC+)
You have a slow metabolism.
You cannot drink potions while threatened.
You are hated by all.
You take slightly more damage. (AC -5)
Your sharp claws are effective at attacking unaware monsters.
You are sensitive to extremes of temperature. (rF-, rC-)
You are partially covered in yellow scales. (AC +2)
You have an increased reservoir of magic. (+10% MP)
You passively map a small area around you.
Your muscles are strong. (Str +2)
Your spells are a little easier to cast, but a little less powerful.


Message History

Which direction?
This rock feels extremely deep.
Unknown command.
Unknown command.
Evoke which item? (* to show all) (? for menu, Esc to quit)
Aiming: Dig
Press: ? - help, Shift-Dir - straight line The rock shatters into small pieces.
Magic restored.
A rust devil comes into view.
There is a staircase leading out of the dungeon here.
Ru asks you to sacrifice your resistance to extreme temperatures.
This is an incredible sacrifice.
Piety after sacrifice: ****** Do you really want to make this sacrifice?
You feel sensitive to extremes of temperature.
Ru indicates that your awakening is complete.
You reveal the great annihilating truth to your foes!
You kill the rust devil!
You feel drained.
You have escaped!

.......+.......#.#..#....#.....#.
.......#######'#.####....#.....#.
.......# ##.....##..###.....#.
.......# ##.......#### #####.#.
######## ##.........### #.#.
#...# ##.......)...'# #... #...#
#.............# #####.. #...#
#......)......####...... ###.(.#
#......@...............> ......#
#.............####[..... ......#
#.............# #...... ......#
##...........## #......
......######..(......## #......
..........###.......## #..[...
..........# #'.....########......
..........# ###...##.............
..........# ##.#'..############


There were no monsters in sight!

Vanquished Creatures
  5 orbs of fire
  Mennas (Depths:4)
  The ghost of AAA992 the Conqueror, a legendary HOFi of Okawaru (Zot:5)
  3 juggernauts
  4 ancient liches
  Mara (Swamp:3)
  Sojobo (Depths:3)
  Frederick (Depths:5)
  2 Killer Klowns (Zot:5)
  A caustic shrike (Depths:2)
  3 curse toes
  Nikola (Vaults:2)
  9 golden dragons
  2 bone dragons
  Jory (Depths:5)
  Jorgrun (Vaults:4)
  2 electric golems (Zot:5)
  14 tentacled monstrosities
  A deep elf blademaster (Elf:3)
  3 liches
  2 titans (Depths:3)
  22 Orb Guardians
  3 quicksilver dragons
  2 deep elf master archers (Elf:3)
  4 acid blobs (Zot:4)
  15 death cobs
  4 tentacled starspawn
  Kirke (Swamp:2)
  12 storm dragons
  3 draconian monks
  2 sphinxes (Depths:2)
  3 thorn hunters
  An Executioner (Abyss:4)
  9 shadow dragons
  The ghost of Linguinho the Severer, an adept MiBe of Trog (Elf:3)
  A storm dragon (shapeshifter) (Depths:2)
  An ancient champion (Depths:4)
  4 tengu reavers
  The ghost of RepoMan the Brawler, an adept DrTm of Wu Jian (Depths:1)
  Donald (Swamp:4)
  6 fire giants
  11 nagarajas
  4 draconian scorchers
  7 vault wardens
  5 deep elf sorcerers
  2 ghost moths
  4 draconian knights
  3 iron dragons
  Aizul (Depths:1)
  7 frost giants
  A cacodemon (Abyss:4)
  3 draconian stormcallers
  7 deep elf elementalists
  3 very ugly things
  6 draconian shifters (Zot:4)
  9 ironheart preservers
  8 spriggan defenders
  25 stone giants
  10 green draconians
  3 draconian annihilators
  2 vampire knights (Depths:4)
  3 black draconians
  2 entropy weavers (Vaults:4)
  The ghost of error the Summoner, a journeyman OpSu of Vehumet (Snake:2)
  5 deep elf demonologists (Elf:3)
  10 purple draconians
  10 red draconians
  12 deep elf annihilators
  A lorocyproca (Abyss:3)
  The ghost of P0WERM0DE the Reanimator, a journeyman GnNe of Cheibriados (Swamp:1)
  12 white draconians
  19 yellow draconians
  6 spark wasps
  A blizzard demon (Abyss:4)
  2 merfolk javelineers (Abyss:4)
  2 crystal guardians
  7 deep elf death magi
  Snorg (Orc:1)
  15 fire dragons
  A green death (Abyss:4)
  2 jiangshi (Depths:4)
  Josephine (D:15)
  3 deep elf high priests
  9 ettins
  5 vault guards
  19 naga warriors
  14 yaktaur captains
  4 rakshasas
  18 hydras
  11 great orbs of eyes
  16 ogre magi
  16 ice dragons
  13 anacondas
  A ghost crab (Swamp:4)
  5 centaur warriors
  8 spriggan air magi
  A catoblepas (D:15)
  8 death knights
  4 tengu warriors
  28 dancing weapons
  An anaconda (shapeshifter) (Vaults:2)
  48 two-headed ogres
  10 deep troll shamans
  11 alligators
  8 shock serpents
  A vampire mage (Depths:4)
  14 deep troll earth magi
  An orc high priest (Orc:1)
  7 thrashing horrors
  The ghost of Sapher the Reanimator, a novice GnNe of Cheibriados (D:11)
  10 spriggan berserkers
  A shock serpent (shapeshifter) (Depths:1)
  20 naga sharpshooters
  Urug (D:13)
  A sun demon (Abyss:4)
  29 deep elf knights
  5 wretched stars
  Nergalle (Orc:1)
  A shadow wraith (Vaults:3)
  2 iron trolls (Depths:3)
  A spatial maelstrom (Abyss:3)
  3 skeletal warriors
  6 hell knights
  3 salamander mystics
  2 sixfirhies
  23 deep trolls
  A fire crab (D:14)
  5 wizards
  15 naga ritualists
  A golden dragon zombie (Depths:2)
  7 flayed ghosts
  2 unseen horrors (Abyss:1)
  5 shambling mangroves
  7 glowing orange brains
  8 swamp dragons
  A swamp dragon (shapeshifter) (Vaults:3)
  8 harpies
  A shadow dragon zombie (Abyss:4)
  2 phantasmal warriors
  16 deep elf archers
  5 orc knights
  11 ironbrand convokers
  17 mana vipers
  9 oklob plants
  3 wolf spiders
  A sphinx skeleton (Depths:2)
  5 orc sorcerers
  A wolf spider zombie (D:15)
  A frost giant zombie (Depths:2)
  64 deep elf magi
  A shining eye (Abyss:4)
  57 ugly things
  A salamander (shapeshifter) (Vaults:3)
  Pikel (D:5)
  4 necromancers
  20 large abominations
  A manticore (D:15)
  A fire giant zombie (Vaults:1)
  22 moths of wrath
  2 worldbinders
  Maurice (D:13)
  A cyclops (shapeshifter) (Depths:3)
  10 cyclopes
  10 salamanders
  2 rust devils
  A fire giant skeleton (Vaults:1)
  35 black mambas
  An elephant (Lair:4)
  20 naga magi
  5 apocalypse crabs (Abyss:4)
  2 gargoyles
  12 vault sentinels
  15 guardian serpents
  6 smoke demons
  An eye of devastation (Abyss:4)
  A hellion (D:4)
  30 spiny frogs
  A torpor snail (shapeshifter) (Vaults:4)
  8 freezing wraiths
  5 rime drakes
  An efreet (Abyss:3)
  4 kobold demonologists
  46 yaktaurs
  9 komodo dragons
  2 hellwings
  5 ancient zymes
  A merfolk (D:10)
  A yaktaur skeleton (D:15)
  A shadow dragon simulacrum (Depths:2)
  2 tengu conjurers
  15 trolls
  4 polar bears (shapeshifter)
  A harpy zombie (D:15)
  4 polar bears (Lair:6)
  A silent spectre (Abyss:3)
  A red devil (Abyss:1)
  7 tyrant leeches
  20 hornets
  2 raiju
  A harpy skeleton (Vaults:1)
  2 bog bodies
  27 blink frogs
  10 hippogriffs
  2 spriggan zombies
  49 slime creatures
  A snapping turtle (shapeshifter) (Depths:5)
  Sigmund (D:4)
  2 ice dragon zombies (D:15)
  2 flying skulls (Abyss:4)
  3 redbacks (Vaults:4)
  9 air elementals
  31 yaks
  4 ynoxinuls
  6 wyverns
  A water elemental (Elf:1)
  A tarantella (Vaults:4)
  6 shadows
  23 spriggans
  A vampire (Abyss:1)
  3 hogs (shapeshifter)
  18 humans
  Eustachio (D:6)
  2 basilisks
  3 fire elementals
  2 golden eyes (shapeshifter)
  3 golden eyes (Abyss:4)
  A yak (shapeshifter) (Depths:4)
  3 neqoxecs
  18 vampire mosquitoes
  A fire bat (Depths:3)
  9 wraiths
  3 hungry ghosts
  20 swamp worms
  18 small abominations
  14 insubstantial wisps
  72 nagas
  4 wargs
  A spatial vortex (Abyss:3)
  3 acid dragons
  A floating eye (shapeshifter) (Depths:3)
  5 porcupines
  4 hell hounds (Abyss:3)
  7 water moccasins
  3 floating eyes
  5 sky beasts
  An ogre skeleton (Vaults:1)
  9 ice beasts
  30 orc warriors
  5 black bears
  A black bear (shapeshifter) (Depths:3)
  11 swamp drakes
  An ettin simulacrum (Abyss:4)
  4 phantoms
  An eye of draining (shapeshifter) (Vaults:4)
  2 slaves (D:5)
  5 boggarts
  4 eyes of draining
  2 fire dragon simulacra
  5 wolves
  11 centaurs
  51 ogres
  A yaktaur zombie (D:15)
  4 big kobolds
  9 crocodiles
  33 bullfrogs
  3 earth elementals
  A human simulacrum (Depths:1)
  Dowan (D:4)
  A scorpion (D:9)
  24 killer bees
  2 troll zombies (D:12)
  9 wights
  A killer bee (shapeshifter) (Depths:5)
  2 howler monkeys (D:13)
  2 electric eels
  5 crimson imps
  2 bullfrog zombies
  A centaur zombie (D:11)
  A gnoll shaman (Orc:1)
  6 quasits
  24 starcursed masses
  A bullfrog skeleton (D:7)
  4 hounds
  26 orc wizards
  Crazy Yiuf (D:5)
  18 orc priests
  3 centaur skeletons
  19 jellies
  3 iron imps
  3 iguanas
  5 worker ants
  4 hell rats (Lair:4)
  4 ogre zombies (D:12)
  A howler monkey zombie (D:7)
  A worker ant zombie (D:6)
  11 gnolls
  A howler monkey skeleton (D:9)
  18 adders
  11 river rats
  6 shadow imps
  A white imp (Abyss:1)
  An ooze (D:5)
  An adder skeleton (D:7)
  2 adder zombies
  6 worms
  3 dart slugs
  5 leopard geckos
  95 orcs
  4 bats
  6 giant cockroaches
  4 goblins
  12 hobgoblins
  9 jackals
  8 quokkas
  10 ball pythons (Sewer)
  4 frilled lizards
  3 goblin skeletons (D:12)
  3 goblin zombies (D:12)
  3 hobgoblin zombies (D:12)
  11 kobolds
  2 orc skeletons (D:12)
  8 orc zombies (D:12)
  35 rats
  A lurking horror (Abyss:4)
  A macabre mass (Abyss:4)
  A starspawn tentacle (Abyss:4)
2444 creatures vanquished.

Vanquished Creatures (others)
  the Enchantress (Depths:4)
  A quicksilver dragon (Depths:5)
  A tengu reaver (Depths:3)
  A cacodemon (Abyss:4)
  A deep elf elementalist (Elf:3)
  A green draconian (Zot:1)
  A stone giant (Vaults:3)
  Nessos (Orc:2)
  A black draconian (Depths:5)
  An ettin (Depths:2)
  A rakshasa (Depths:1)
  2 dancing weapons (Elf:2)
  A thrashing horror (Abyss:4)
  A hell knight (Depths:3)
  A naga sharpshooter (Snake:4)
  2 deep elf knights
  2 spatial maelstroms
  An unseen horror (Abyss:4)
  A deep troll (Depths:3)
  A necromancer (Abyss:3)
  A deep elf archer (Elf:3)
  A salamander (Snake:4)
  A deep elf mage (Elf:3)
  A moth of wrath (Zot:5)
  A smoke demon (Abyss:4)
  4 yaktaurs
  A tengu conjurer (Depths:3)
  A hornet (Depths:2)
  3 slime creatures
  A blink frog (Abyss:4)
  A large abomination (Abyss:4)
  2 humans
  A fire bat (Depths:3)
  A chaos spawn (Abyss:4)
  8 spatial vortices (Abyss:4)
  A swamp worm (Swamp:3)
  2 nagas
  Duvessa (D:4)
  2 ogres
  A centaur (D:13)
  A crocodile (Lair:6)
  An iguana (D:4)
  An orc wizard (D:13)
  A worker ant (D:13)
  A hound zombie (D:5)
  2 adders (D:5)
  A river rat (Lair:4)
  A ball lightning (Zot:1)
  3 orcs
  A quokka skeleton (D:4)
  18 fungi
  A lurking horror (Abyss:4)
  56 plants
  13 starspawn tentacles
  2 withered plants (D:15)
161 creatures vanquished.

Grand Total: 2605 creatures vanquished

Notes
Turn   | Place    | Note
-------+----------+-------------------------------------------
     0 | D:1      | FelidMasterRace the Felid Venom Mage began the quest for the Orb.
     0 | D:1      | Reached XP level 1. HP: 7/7 MP: 4/4
   186 | D:1      | Reached skill level 1 in Conjurations
   523 | D:1      | Reached XP level 2. HP: 12/12 MP: 4/6
   594 | D:1      | Learned a level 2 spell: Poisonous Vapours
   753 | D:1      | Reached skill level 3 in Poison Magic
  1342 | D:1      | Reached skill level 1 in Air Magic
  1604 | D:2      | Reached XP level 3. HP: 15/15 MP: 4/7
  1618 | D:2      | Learned a level 3 spell: Mephitic Cloud
  1647 | D:2      | Found a snail-covered altar of Cheibriados.
  2792 | D:2      | Reached skill level 2 in Air Magic
  2792 | D:2      | Reached XP level 4. HP: 18/18 MP: 3/8
  3349 | D:3      | Learned a level 1 spell: Confusing Touch
  3530 | D:3      | Reached skill level 2 in Conjurations
  3989 | D:3      | Found a bloodstained altar of Trog.
  4581 | D:4      | Reached XP level 5. HP: 21/21 MP: 3/9
  4765 | D:4      | Reached skill level 3 in Air Magic
  4895 | D:4      | Reached skill level 4 in Poison Magic
  4997 | D:4      | Found a glowing drain.
  5033 | D:4      | FelidMasterRace: It's D:4 and i still haven't taken a single point of damage.
  5083 | Sewer    | Entered a sewer
  5254 | Sewer    | Gained mutation: You are covered in thick fur. (AC +2) [Felid growth]
  5254 | Sewer    | Reached XP level 6. HP: 25/25 MP: 3/10
  5320 | Sewer    | FelidMasterRace: Oh no, i took damage >_<
  5724 | Sewer    | Reached skill level 4 in Air Magic
  6344 | Sewer    | P0WERM0DE: good luck !
  6355 | Sewer    | P0WERM0DE: care if i smoke some joints in ya spec chat
  6355 | Sewer    | FelidMasterRace: Thanks.
  6355 | Sewer    | P0WERM0DE: ??
  6355 | Sewer    | P0WERM0DE: ;D
  6355 | Sewer    | FelidMasterRace: Well, sure.
  6355 | Sewer    | P0WERM0DE: sunday good day fo rit
  6355 | Sewer    | FelidMasterRace: It's my last game, maybe i need to have at least A spectator >_>
  6792 | Sewer    | Reached XP level 7. HP: 28/28 MP: 6/11
  6832 | Sewer    | P0WERM0DE: yea i know
  6853 | Sewer    | P0WERM0DE: i linked ya with those words ;D
  6912 | D:4      | P0WERM0DE: last combo of felid streak !!
  6998 | D:4      | Noticed Dowan
  7000 | D:4      | P0WERM0DE: but believe me. after you reach some achievement youll want the next one soon
  7008 | D:4      | Killed Dowan
  7008 | D:4      | Reached skill level 5 in Poison Magic
  7021 | D:4      | P0WERM0DE: although yours sure is lot of dedication
  7026 | D:4      | FelidMasterRace: Well, i'll probably be out of crawl for 6 months as per usual.
  7067 | D:4      | P0WERM0DE: do you think it was harder in 018 ?
  7070 | D:4      | Noticed Duvessa
  7071 | D:4      | P0WERM0DE: ye k
  7071 | D:4      | FelidMasterRace: No way.
  7071 | D:4      | P0WERM0DE: k
  7071 | D:4      | FelidMasterRace: 0.18 was good.
  7230 | D:4      | tidbits: is this the line for free coffee?
  7252 | D:4      | Killed Duvessa
  7297 | D:4      | Found a staircase to the Ecumenical Temple.
  7302 | D:4      | FelidMasterRace: Wtf is wrong with these elves.
  7302 | D:4      | FelidMasterRace: Literally dying to random fire clouds.
  7339 | D:4      | P0WERM0DE: yea come to me i have free coffee
  7340 | D:4      | P0WERM0DE: really
  7355 | D:4      | P0WERM0DE: in hospital for birth
  7366 | D:4      | P0WERM0DE: there is a machine hidden in the cellar
  7373 | D:4      | tidbits: didn't you have that baby already?
  7375 | D:4      | P0WERM0DE: and also free fruit and nuts
  7389 | D:4      | P0WERM0DE: yea yea sarah showed it to me ;D
  7389 | D:4      | P0WERM0DE: but you can just take coffee there
  7389 | D:4      | P0WERM0DE: and act as if youre a nervous husband
  7440 | Temple   | Entered the Ecumenical Temple
  7469 | Temple   | tidbits: well, best wishes for the almost daddy
  7497 | Temple   | P0WERM0DE: fuck ya man
  7497 | Temple   | P0WERM0DE: im not
  7497 | Temple   | P0WERM0DE: !!!
  7497 | Temple   | P0WERM0DE: :P
  7497 | Temple   | tidbits: :>
  7497 | Temple   | FelidMasterRace: > tfw i wanted freakin' Wu Jian
  7497 | Temple   | P0WERM0DE: mh
  7497 | Temple   | P0WERM0DE: wat are you now
  7497 | Temple   | FelidMasterRace: A vapours spammer.
  7497 | Temple   | tidbits: usk is eventually fun
  7497 | Temple   | FelidMasterRace: But is it any good?
  7497 | Temple   | tidbits: though crap until statue
  7497 | Temple   | FelidMasterRace: Like, i want to have at least some fun.
  7497 | Temple   | tidbits: the thing with usk is that you need to be able to take at least some kind of packs to get to paralysis
  7497 | Temple   | FelidMasterRace: Eh, i guess it's just Ru then.
  7497 | Temple   | tidbits: but that doesn't really happen pre-statue
  7498 | Temple   | FelidMasterRace: People play felids of Ru a lot, right?
  7505 | Temple   | tidbits: i'm not ppl then
  7505 | Temple   | Became a worshipper of Ru the Awakened
  7531 | D:4      | tidbits: i used to always play it safe with oka
  7533 | D:4      | FelidMasterRace: Oka/Gozag are hella optimal there, maybe Fedhas.
  7533 | D:4      | FelidMasterRace: But i've done all of that.
  7579 | D:4      | Noticed Sigmund
  7581 | D:4      | tidbits: well, always nice to switch things up a bit. gl.
  7764 | D:4      | Reached skill level 5 in Air Magic
  8692 | D:4      | Found a staircase to the Ecumenical Temple.
  8840 | D:5      | Entered Level 5 of the Dungeon
  8909 | D:5      | Reached skill level 1 in Fighting
  8909 | D:5      | Reached skill level 3 in Dodging
  8909 | D:5      | Reached skill level 1 in Unarmed Combat
  8979 | D:5      | Noticed Pikel
  8994 | D:5      | Killed Pikel
  8994 | D:5      | Reached skill level 2 in Fighting
  8994 | D:5      | Reached skill level 4 in Dodging
  8994 | D:5      | Reached skill level 3 in Unarmed Combat
  8994 | D:5      | Reached XP level 8. HP: 34/34 MP: 2/12
  9222 | D:5      | Found a burning altar of Makhleb.
  9471 | D:5      | Found a runed door.
  9475 | D:5      | Noticed Crazy Yiuf
  9493 | D:5      | Killed Crazy Yiuf
  9687 | D:5      | P0WERM0DE: but im uncle now
  9687 | D:5      | P0WERM0DE: oops missed the chat
  9691 | D:6      | P0WERM0DE: joint was too interesting
  9710 | D:6      | Reached skill level 4 in Unarmed Combat
  9811 | D:6      | P0WERM0DE: i had one streak game with ru
  9814 | D:6      | P0WERM0DE: where i sacced resistance
  9832 | D:6      | P0WERM0DE: and getting rC+ was really difficult with ringswapping
  9837 | D:6      | tidbits: i bet
  9838 | D:6      | P0WERM0DE: on a draconian
  9839 | D:6      | P0WERM0DE: it was hell
  9851 | D:6      | P0WERM0DE: i only could reach rC+ before zot and then having rF- i think
  9852 | D:6      | P0WERM0DE: so yea ru can have risks with bad sacs imo
  9852 | D:6      | tidbits: cats should get way more piety from saccing that--or anything else for that matter
  9855 | D:6      | Reached skill level 3 in Fighting
  9855 | D:6      | Reached skill level 5 in Dodging
  9919 | D:5      | FelidMasterRace: Lol, i guess we're getting rid of AC.
  9919 | D:5      | P0WERM0DE: ac-5 also no go mostly
  9919 | D:5      | P0WERM0DE: you wanna take it?
  9920 | D:5      | P0WERM0DE: 5 is quite a lot
  9920 | D:5      | FelidMasterRace: -3 AC is trhe same as 0.
  9920 | D:5      | P0WERM0DE: if you be in statue youll have 20 or 21 ac on felid
  9920 | D:5      | P0WERM0DE: its -5
  9920 | D:5      | P0WERM0DE: ah yea
  9920 | D:5      | P0WERM0DE: ok
  9920 | D:5      | P0WERM0DE: sry
  9920 | D:5      | P0WERM0DE: yea it will work with 40 ev prob
  9920 | D:5      | tidbits: is ru piety adjusted for different races?
  9920 | D:5      | FelidMasterRace: Well, the rest of sacrifices will give me no piety.
  9920 | D:5      | tidbits: because lots of sacs just sound horrible on a cat
  9920 | D:5      | FelidMasterRace: I'm a Ru noob but from what i heard you're supposed to just get piety ASAP.
  9920 | D:5      | P0WERM0DE: how much does -5 ac give?
  9920 | D:5      | FelidMasterRace: 2 star.s
  9920 | D:5      | P0WERM0DE: yea its true but some sacs are to be avoided
  9920 | D:5      | P0WERM0DE: k
  9920 | D:5      | tidbits: don't wanna sac tmut/erth for example
  9920 | D:5      | FelidMasterRace: Well, time to ruin myself.
  9920 | D:5      | Gained mutation: You take slightly more damage. (AC -5) [Ru sacrifice]
  9920 | D:5      | Reached * piety under Ru
  9920 | D:5      | Reached ** piety under Ru
  9921 | D:5      | P0WERM0DE: i wouldve prob taken eye
  9958 | D:6      | tidbits: -3 ac is plenty
  9967 | D:6      | P0WERM0DE: :P gl
 10240 | D:6      | Reached skill level 5 in Unarmed Combat
 10424 | D:6      | Noticed Eustachio
 10434 | D:6      | Killed Eustachio
 10434 | D:6      | Reached skill level 6 in Dodging
 10570 | D:6      | Found a sparkling altar of Nemelex Xobeh.
 10725 | D:6      | Reached skill level 4 in Fighting
 10725 | D:6      | Reached skill level 1 in Hexes
 11415 | D:6      | Learned a level 4 spell: Olgreb's Toxic Radiance
 11425 | D:7      | Noticed a hippogriff
 11426 | D:7      | tidbits: nice level
 11549 | D:6      | Killed a hippogriff
 11549 | D:6      | Reached skill level 6 in Unarmed Combat
 11549 | D:6      | Reached skill level 2 in Hexes
 11549 | D:6      | Reached XP level 9. HP: 39/39 MP: 3/13
 12096 | D:7      | Found a shimmering altar of Xom.
 12989 | D:7      | Found a radiant altar of Vehumet.
 12990 | D:7      | Found a glowing silver altar of Zin.
 13389 | D:6      | Reached skill level 7 in Dodging
 13525 | D:7      | Reached skill level 7 in Unarmed Combat
 13707 | D:7      | Reached skill level 5 in Fighting
 14247 | D:7      | Gained mutation: You are hated by all. [Ru sacrifice]
 14247 | D:7      | Reached *** piety under Ru
 14447 | D:7      | Reached skill level 8 in Unarmed Combat
 14565 | D:7      | Reached skill level 8 in Dodging
 14626 | D:7      | Found a stormy altar of Qazlal.
 14873 | D:7      | Found an ornate altar of the Wu Jian Council.
 15096 | D:8      | Reached XP level 10. HP: 45/45 MP: 15/15
 15310 | D:8      | Reached skill level 3 in Spellcasting
 15667 | D:8      | Reached skill level 6 in Fighting
 16055 | D:8      | Found a glowing golden altar of the Shining One.
 16394 | D:8      | P0WERM0DE: https://www.spektrum.de/news/wer-kaffee-trinkt-stirbt-spaeter/1574996
 16398 | D:8      | P0WERM0DE: german lesson @tidbits
 16400 | D:9      | P0WERM0DE: is so positive i had to share
 16504 | D:9      | Faustar: so they way to immortality is a drinking coffee all day everyday
 16504 | D:9      | tidbits: google translate: "Anyone who drinks coffee dies later" Spooky!
 16575 | D:9      | FelidMasterRace: Anyone who drinks water dies later too >_>
 16595 | D:9      | Found Cicor's Armour Shop.
 16652 | D:9      | P0WERM0DE: but in the meaning of living longer
 16653 | D:9      | P0WERM0DE: ye
 16657 | D:9      | P0WERM0DE: it shall be healthy
 16661 | D:9      | Reached skill level 3 in Stealth
 16663 | D:9      | P0WERM0DE: although they find no proof
 16665 | D:9      | Reached skill level 1 in Evocations
 16671 | D:9      | P0WERM0DE: its not coffeine acording to the article
 16685 | D:8      | tidbits: i must be super healthy then, i take coffee by the truck loads
 16890 | D:9      | P0WERM0DE: look its that comma
 16903 | D:9      | P0WERM0DE: , stirbt später
 16944 | D:9      | P0WERM0DE: means is a whole own sentence
 16947 | D:9      | tidbits: apparently decaf works too
 16975 | D:9      | P0WERM0DE: meaning will die later than expected statistically
 16991 | D:9      | tidbits: though i think i've had exactly one cup of decaf in my life so far
 16994 | D:9      | P0WERM0DE: ye
 17115 | D:9      | P0WERM0DE: i had more often...
 17136 | D:9      | P0WERM0DE: man my ex bought always
 17168 | D:9      | tidbits: d:9 armour manual
 17168 | D:9      | P0WERM0DE: and then she started to mix decaf with normal
 17173 | D:9      | Reached skill level 4 in Stealth
 17173 | D:9      | P0WERM0DE: as compromise
 17173 | D:9      | Reached skill level 4 in Spellcasting
 17173 | D:9      | Reached skill level 2 in Evocations
 17273 | D:9      | P0WERM0DE: cuz she would get hypernervous with strong coffee
 17326 | D:9      | P0WERM0DE: and i always cook strong
 17364 | D:9      | P0WERM0DE: meh
 17450 | D:9      | P0WERM0DE: bad memories.jpeg
 17620 | D:9      | Found a staircase to the Lair.
 17748 | D:10     | Entered Level 10 of the Dungeon
 17773 | D:10     | P0WERM0DE: also i mixed it up occassionally then drinking total decaf
 17777 | D:10     | P0WERM0DE: didnt even notice
 17804 | D:10     | Reached skill level 5 in Stealth
 17804 | D:10     | Reached skill level 3 in Evocations
 17837 | D:10     | Reached skill level 4 in Evocations
 17843 | D:10     | Reached skill level 5 in Evocations
 18214 | D:10     | Reached skill level 9 in Unarmed Combat
 18403 | D:10     | tidbits: i always trained stealth on my cats
 18404 | D:10     | P0WERM0DE: do you know roguelikes discord btw FMR
 18405 | D:10     | P0WERM0DE: ah yea ok youre in
 18405 | D:10     | FelidMasterRace: I get something like 5 for Lair and 10-15 for the rest of the game.
 18405 | D:10     | tidbits: ok
 18405 | D:10     | FelidMasterRace: I don't think i've ever posted on that discord.
 18405 | D:10     | P0WERM0DE: i got more but then for extended
 18405 | D:10     | FelidMasterRace: I heard it's gammafunk's domain.
 18405 | D:10     | P0WERM0DE: also only go 5ish early often
 18414 | D:10     | P0WERM0DE: ye it is
 18424 | D:10     | P0WERM0DE: do you have problems with him
 18424 | D:10     | P0WERM0DE: ;D
 18427 | D:10     | FelidMasterRace: He nerfed muh ogres.
 18440 | D:10     | P0WERM0DE: k
 18467 | D:10     | tidbits: but he also got bvc in right?
 18469 | D:9      | tidbits: :>
 18469 | D:9      | P0WERM0DE: i actually think new ogre is better
 18505 | D:9      | P0WERM0DE: :P
 18515 | D:8      | FelidMasterRace: Oh you.
 18571 | D:9      | P0WERM0DE: more interesting to play for me
 18585 | D:9      | P0WERM0DE: dont like GSC much
 18595 | D:9      | P0WERM0DE: i used shields already before
 18758 | D:9      | P0WERM0DE: often
 18781 | D:10     | tidbits: my rationale for training early stealth on a cat was to get better stabs
 18784 | D:10     | tidbits: cuz one tends to stab a lot
 18785 | D:10     | P0WERM0DE: i have one beautiful screen sec
 18788 | D:10     | P0WERM0DE: but!!
 18790 | D:10     | P0WERM0DE: discretion
 18952 | D:10     | P0WERM0DE: https://imgur.com/a/aT8McZ8
 18957 | D:10     | Reached skill level 10 in Unarmed Combat
 18957 | D:10     | P0WERM0DE: !google power chode urban dictionary
 18958 | D:10     | tidbits: better stabs also my reason for preferring oka >> anything else on a cat: more and better stabs
 18958 | D:10     | P0WERM0DE: this was a reaction to the stuff i said in #offtopic 2-3 days ago ?! ;D
 18958 | D:10     | FelidMasterRace: I see. I'm a big fan of everything that deals approximately 5M damage.
 19148 | D:10     | P0WERM0DE: yea if you find invis also more stealth early is a way rite
 19157 | D:10     | P0WERM0DE: i only won like 5 cats
 19216 | D:10     | P0WERM0DE: but twice in tourney quite reliable
 19248 | D:10     | P0WERM0DE: when everyone else on mah team failed
 19256 | D:10     | P0WERM0DE: *peeks at tidbits*
 19280 | D:10     | Reached XP level 11. HP: 37/48 MP: 6/18
 19564 | D:10     | P0WERM0DE: and 2x FeCK 15rune xom
 19727 | D:10     | tidbits: !streak .
 19833 | D:10     | P0WERM0DE: do you get what he means with power chode tidbits?
 19913 | D:9      | P0WERM0DE: i'm puzzled
 19913 | D:9      | tidbits: no
 19916 | Lair:1   | Entered Level 1 of the Lair of Beasts
 19918 | Lair:1   | P0WERM0DE: https://www.urbandictionary.com/define.php?term=Power%20Chode
 19918 | Lair:1   | Faustar: he called you a chode
 19918 | Lair:1   | P0WERM0DE: i mean it fits
 19918 | Lair:1   | P0WERM0DE: ye what does it mean
 19919 | Lair:1   | P0WERM0DE: ;D
 19982 | Lair:1   | P0WERM0DE: is it an insult enough to contact server admin
 19982 | Lair:1   | P0WERM0DE: ?
 19986 | Lair:1   | tidbits: til!
 19988 | Lair:1   | Faustar: https://www.urbandictionary.com/define.php?term=Chode&defid=11488362
 19989 | Lair:1   | Faustar: D:
 20097 | D:9      | P0WERM0DE: i mean its relly bannable offense no
 20101 | D:9      | P0WERM0DE: seeing the rules in rules-faq
 20228 | Lair:1   | tidbits: twas just a prank bro
 20230 | D:9      | Faustar: hm. would he get banned tho? Sounds more like it was said in jest
 20636 | Lair:1   | P0WERM0DE: no im just kidding
 20911 | Lair:2   | Reached skill level 9 in Dodging
 21231 | Lair:2   | Reached skill level 7 in Fighting
 21310 | Lair:2   | Noticed a five-headed hydra
 21311 | Lair:2   | Faustar: ohhhh me be dum
 21348 | Lair:2   | Killed a five-headed hydra
 21777 | Lair:2   | Reached skill level 10 in Dodging
 21780 | Lair:2   | Reached skill level 11 in Unarmed Combat
 21950 | Lair:2   | Noticed a four-headed hydra
 22087 | Lair:2   | Killed a four-headed hydra
 22087 | Lair:2   | Reached skill level 8 in Fighting
 22278 | Lair:2   | FelidMasterRace: It's not even funny how much the starting book is still carrying.
 22489 | Lair:2   | Reached skill level 6 in Evocations
 22573 | Lair:2   | P0WERM0DE: yea the new VM book is decent
 22576 | Lair:2   | P0WERM0DE: OTR also totally wrecks spider
 22672 | Lair:2   | tidbits: poison magic + conf touch is quite effective
 22672 | Lair:2   | P0WERM0DE: even worth learning on some non-VMs
 22672 | Lair:2   | P0WERM0DE: for it
 22696 | Lair:2   | P0WERM0DE: +elf
 22732 | Lair:2   | Identified a scroll of acquirement
 22732 | Lair:2   | tidbits: jew? book?
 22732 | Lair:2   | FelidMasterRace: Might even be an evocable.
 22732 | Lair:2   | FelidMasterRace: Every option's bad.
 22732 | Lair:2   | tidbits: arte jewellery is quite precious on a cta
 22732 | Lair:2   | tidbits: cat*
 22732 | Lair:2   | FelidMasterRace: ? implying i'll ever get an artifact
 22733 | Lair:2   | P0WERM0DE: jewellry has better chances for randart now
 22766 | Lair:2   | tidbits: it's not like other options are superb either
 22766 | Lair:2   | P0WERM0DE: than it had 018
 22767 | Lair:2   | P0WERM0DE: 66%
 23158 | Lair:2   | Reached skill level 7 in Evocations
 23242 | Lair:2   | tidbits: tl
 23263 | Lair:3   | tidbits: til*
 23316 | Lair:2   | Gained mutation: Your thick and shaggy fur keeps you warm. (AC +3, rC+) [Felid growth]
 23316 | Lair:2   | Reached XP level 12. HP: 38/55 MP: 16/19
 23712 | Lair:2   | Reached skill level 8 in Evocations
 23943 | Lair:3   | Found a staircase to the Swamp.
 24301 | Lair:3   | FelidMasterRace: Yeah, i didn't know either.
 24315 | Lair:3   | FelidMasterRace: Kind of wish there was a piety acquirement or something.
 24615 | Lair:3   | Found a staircase to the Snake Pit.
 25081 | Lair:3   | Reached skill level 11 in Dodging
 25622 | Lair:4   | Reached skill level 12 in Unarmed Combat
 25817 | Lair:4   | Noticed a four-headed hydra
 26255 | Lair:4   | Noticed a four-headed hydra
 26733 | Lair:5   | Reached skill level 9 in Fighting
 27339 | Lair:5   | Reached skill level 12 in Dodging
 27438 | Lair:5   | Found a viscous altar of Jiyva.
 27438 | Lair:5   | Found a staircase to the Slime Pits.
 27456 | Lair:5   | P0WERM0DE: If I remember correctly, this chart has been done before the jewellery acquirement buff (about twice as likely to get randarts after the change than it was before) and before some evokable acquirement rearrangements. Still, some rules are universal - get gold if there's already something you want to buy, get weapon if you mostly fight with a bad weapon, don't acquire books and so on.
 27460 | Lair:5   | P0WERM0DE: post by leszczynek on reddit
 27460 | Lair:5   | FelidMasterRace: I just acquired a ring of fire >_<
 27460 | Lair:5   | tidbits: haha
 27461 | Lair:5   | P0WERM0DE: https://www.reddit.com/r/dcss/comments/6cqeta/need_advice_on_acquirement/
 27467 | Lair:5   | P0WERM0DE: dont find more
 27476 | Lair:5   | P0WERM0DE: but its over a year old
 27476 | Lair:5   | tidbits: you found book of fire
 27476 | Lair:5   | tidbits: *flames
 27476 | Lair:5   | tidbits: :>
 27476 | Lair:5   | tidbits: it was foreshadowing
 27476 | Lair:5   | FelidMasterRace: Well, i've seen minmay's acquirement guide before.
 27476 | Lair:5   | P0WERM0DE: [c] Jewellery You receive a random piece of jewellery, sometimes a randart. The game will try to give you something you have not identified yet, but there is no guarantee. The chance for a randart is flat and does not depend on the amount of jewellery you have identified.
 27476 | Lair:5   | P0WERM0DE: wiki
 27476 | Lair:5   | P0WERM0DE: ye i think its 66% now
 27476 | Lair:5   | FelidMasterRace: To be fair, i'd totally be acquiring books right now if only i had correct spell schools trained.
 27578 | Lair:5   | P0WERM0DE: i rarely had good exp with that
 27578 | Lair:5   | P0WERM0DE: gold jewellry is my goto
 27578 | Lair:5   | P0WERM0DE: and wpn if early and a weapon user
 27578 | Lair:5   | FelidMasterRace: My experience with books is actually quite good.
 27578 | Lair:5   | FelidMasterRace: (on a felid ofc)
 27578 | Lair:5   | P0WERM0DE: and armor i also often dont do bcz i play so much statue builds
 27584 | Lair:5   | P0WERM0DE: yea it can work sure
 27588 | Lair:5   | P0WERM0DE: if you just need something
 27602 | Lair:5   | FelidMasterRace: Like, you know, statue.
 27667 | Lair:5   | P0WERM0DE: didnt work for that
 27669 | Lair:5   | P0WERM0DE: :P
 27754 | Lair:5   | P0WERM0DE: like some specific spell you have shitty chances i think
 27758 | Lair:5   | Reached skill level 6 in Stealth
 27765 | Lair:5   | P0WERM0DE: also can get manuals etc ofc
 27800 | Lair:5   | tidbits: i think i've gotten statue like 1-2 times from a book acq when needed
 28441 | Lair:5   | Learned a level 1 spell: Apportation
 28668 | Lair:5   | tidbits: boom!
 28668 | Lair:5   | FelidMasterRace: Smells like winning.
 28668 | Lair:5   | P0WERM0DE: good book
 28675 | Lair:5   | Learned a level 6 spell: Invisibility
 28710 | Lair:6   | Entered Level 6 of the Lair of Beasts
 28776 | Lair:6   | Reached skill level 3 in Hexes
 28801 | Lair:5   | Reached skill level 4 in Hexes
 28817 | Lair:5   | FelidMasterRace: Man, i've had a sacrifice the whole time.
 28825 | Lair:5   | P0WERM0DE: tsk tsk
 28825 | Lair:5   | P0WERM0DE: O ?
 28825 | Lair:5   | P0WERM0DE: ;D
 28825 | Lair:5   | P0WERM0DE: this sux
 28825 | Lair:5   | FelidMasterRace: Eh, probably just drink.
 28825 | Lair:5   | Ge0ff: sac Evo?
 28825 | Lair:5   | P0WERM0DE: all give good piety at least
 28825 | Lair:5   | tidbits: haha
 28825 | Lair:5   | P0WERM0DE: all major drawback
 28825 | Lair:5   | FelidMasterRace: Dude, i love my evo.
 28825 | Lair:5   | P0WERM0DE: how much mr+ does felid get?
 28825 | Lair:5   | P0WERM0DE: +7 ?
 28825 | Lair:5   | FelidMasterRace: +6
 28825 | Lair:5   | FelidMasterRace: But i love my MR too.
 28825 | Lair:5   | P0WERM0DE: mh
 28825 | Lair:5   | P0WERM0DE: hurts
 28825 | Lair:5   | tidbits: drink
 28825 | Lair:5   | Gained mutation: You cannot drink potions while threatened. [Ru sacrifice]
 28825 | Lair:5   | Reached **** piety under Ru
 28825 | Lair:5   | Reached ***** piety under Ru
 28826 | Lair:6   | tidbits: can ru-heal anyhow
 28897 | Lair:6   | P0WERM0DE: id go for prio on tlocs then tho
 28900 | Lair:6   | P0WERM0DE: a bit more
 28905 | Lair:6   | P0WERM0DE: but evo sac also really hurts indeed
 28921 | Lair:6   | P0WERM0DE: less so with invis spell prob
 28932 | Lair:6   | Reached skill level 5 in Hexes
 29138 | Lair:6   | Reached skill level 6 in Hexes
 29383 | Lair:6   | P0WERM0DE: p o g 4 l y fe
 29397 | Lair:6   | Reached skill level 7 in Hexes
 29397 | Lair:6   | Reached XP level 13. HP: 60/60 MP: 15/20
 29548 | Lair:6   | Reached skill level 8 in Hexes
 29717 | Lair:6   | Reached skill level 9 in Hexes
 30105 | Lair:6   | Reached skill level 10 in Hexes
 30501 | Lair:6   | Reached skill level 11 in Hexes
 30505 | Lair:6   | Learned a level 2 spell: Passwall
 30579 | Lair:6   | Reached skill level 7 in Stealth
 30878 | Lair:6   | Reached skill level 8 in Stealth
 31274 | Lair:6   | Reached skill level 9 in Stealth
 31627 | Lair:6   | Reached skill level 10 in Stealth
 31684 | Lair:6   | Got a glittering brass ring
 31685 | Lair:6   | Identified the cursed ring of Nuet {-Tele Str+4 Dex+2 Slay-5} (You found it on level 6 of the Lair of Beasts)
 31686 | Lair:6   | tidbits: not a great one
 31686 | Lair:6   | FelidMasterRace: *votes X on that ring*
 31687 | Lair:6   | P0WERM0DE: gold
 31688 | Lair:6   | P0WERM0DE: -tele can be worth carrying tho no
 31688 | Lair:6   | FelidMasterRace: It looked like a ring of shadows but it wasn't.
 31702 | Lair:6   | P0WERM0DE: what branches ya got
 31702 | Lair:6   | tidbits: yeah -tele is good
 31721 | Lair:6   | P0WERM0DE: kk
 31721 | Lair:6   | FelidMasterRace: No spiders.
 31721 | Lair:6   | tidbits: in case double tele zot lungs
 31862 | Lair:6   | P0WERM0DE: yea those are doable
 31918 | Lair:6   | FelidMasterRace: Eh, i hate getting snake.
 32284 | Lair:6   | P0WERM0DE: i like snake
 32284 | Lair:6   | tidbits: snake is the worst as a cat
 32322 | Lair:5   | P0WERM0DE: it has a great shot density and lots of XP
 32322 | Lair:5   | P0WERM0DE: you can do it with mostly summons no
 32378 | Lair:5   | Ge0ff: sneks have sinv
 32378 | Lair:5   | tidbits: fmr sacced love
 32378 | Lair:5   | FelidMasterRace: I rarely use summons so i just sacced love.
 32380 | Lair:5   | P0WERM0DE: dang
 32390 | Lair:5   | P0WERM0DE: well then snake sux yet
 32415 | Lair:5   | P0WERM0DE: *yep
 32579 | Lair:4   | P0WERM0DE: i mean for example shadow creatures
 32612 | Lair:4   | P0WERM0DE: is enough to full clear snake
 32712 | Lair:4   | tidbits: maybe slime first, has good loot
 32718 | Lair:4   | P0WERM0DE: and not that annoying to use imo
 32721 | Lair:4   | P0WERM0DE: dunno :P
 33168 | D:3      | FelidMasterRace: Btw, i'm gonna take a break after clearing all those exclusions.
 33176 | D:3      | P0WERM0DE: kk
 33293 | D:3      | tidbits: swamp has roxanne by the entrance
 33386 | D:4      | Killed Sigmund
 33430 | D:5      | FelidMasterRace: Time for that statue form, yo.
 33586 | D:10     | FelidMasterRace: So, jum, thx for watching and all.
 33794 | D:11     | Noticed Sapher's ghost (novice GnNe)
 33811 | D:11     | Killed Sapher's ghost
 33821 | D:11     | Reached skill level 10 in Fighting
 34030 | D:11     | Got a shimmering glass ring
 34031 | D:11     | Identified the ring of Xeoheus {Fire Stlth+} (You found it on level 11 of the Dungeon)
 34868 | D:12     | Found Ruhir's Gadget Shoppe.
 35175 | D:12     | Found a staircase to the Orcish Mines.
 35404 | Orc:1    | Entered Level 1 of the Orcish Mines
 35407 | Orc:1    | Found Wioreom's Food Boutique.
 35439 | Orc:1    | Found a deep blue altar of Sif Muna.
 35454 | Orc:1    | Noticed Nergalle
 35777 | Orc:1    | Killed Nergalle
 36193 | Orc:1    | Identified Sif Muna's Volume of Malediction
 36293 | Orc:2    | Entered Level 2 of the Orcish Mines
 36450 | Orc:2    | Noticed Nessos
 36455 | Orc:2    | P0WERM0DE: dang i nuked myself
 36456 | Orc:2    | Killed Nessos
 36469 | Orc:2    | Reached skill level 13 in Unarmed Combat
 36483 | Orc:2    | Reached XP level 14. HP: 66/66 MP: 18/21
 36508 | Orc:2    | krfreak: Doesn't sound healthy p0
 36701 | Orc:2    | tidbits: if you 'nuke yourself' too often, you might go blind
 36841 | Orc:1    | krfreak: Or you start writing weird hentai
 36941 | Orc:1    | P0WERM0DE: do you speak out of personal experiences
 36952 | Orc:2    | Found a staircase to the Elven Halls.
 36966 | Orc:2    | Reached skill level 13 in Dodging
 36969 | Orc:2    | krfreak: History speaks for itself, take a look at Japan
 37008 | Orc:2    | P0WERM0DE: http://www.sueddeutsche.de/wissen/artensterben-in-der-natur-ist-etwas-aus-dem-gleichgewicht-geraten-1.4036938
 37111 | Orc:2    | P0WERM0DE: oh no look how sad
 37204 | Orc:2    | Found Usicw's Armour Shoppe.
 37212 | Orc:2    | P0WERM0DE: lel
 37219 | Orc:2    | P0WERM0DE: japan aint that bad imo
 37871 | Orc:1    | Leszczynek: playing with fire
 37872 | Orc:2    | Noticed Snorg
 37877 | Orc:2    | Leszczynek: ah right
 37878 | Orc:2    | krfreak: Ru ftw
 37891 | Orc:1    | Killed Snorg
 37894 | Orc:1    | P0WERM0DE: bam
 38153 | Orc:2    | Monsterracer: why'd you sac armour? is 3 AC rly that insignificant?
 38153 | Orc:2    | FelidMasterRace: I just wanted piety.
 38153 | Orc:2    | FelidMasterRace: I don't think i'm feeling that loss of 3 AC right now.
 38197 | Orc:2    | Leszczynek: why can felids sac armor in the first place
 38197 | Orc:2    | Reached skill level 11 in Fighting
 38290 | Orc:2    | Reached skill level 14 in Unarmed Combat
 38320 | Orc:2    | Monsterracer: the same reason octopodes can sac a hand and not be able to use shields
 38350 | Orc:2    | Found Nuecwap's Antique Armour Shoppe.
 38353 | Orc:2    | Found Ifol's Weapon Shop.
 38368 | Orc:2    | FelidMasterRace: I surely wish i could just apocalypse the entire vault.
 38377 | Orc:2    | Found Ocianki's General Store.
 38378 | Orc:2    | Found Elasepsofu's Magic Scroll Emporium.
 38391 | Orc:2    | Monsterracer: you can't?
 38403 | Orc:2    | Bought a scroll of identify for 26 gold pieces
 38403 | Orc:2    | Bought a potion of flight for 39 gold pieces
 38405 | Orc:2    | FelidMasterRace: I blundered into an alarm trap.
 38455 | Orc:2    | Bought a scroll of vulnerability for 82 gold pieces
 38455 | Orc:2    | Bought 2 scrolls of teleportation for 66 gold pieces
 38455 | Orc:2    | Bought a scroll of identify for 22 gold pieces
 38720 | D:13     | Found a gate to the Vaults.
 38720 | D:13     | Noticed Urug
 38729 | D:13     | Killed Urug
 38735 | D:13     | Leszczynek: s t e a l t h
 38735 | D:13     | FelidMasterRace: Lol.
 38963 | D:13     | Got a warped glass ring
 39276 | D:13     | Found a portal to a secret trove of treasure.
 39277 | D:13     | FelidMasterRace: Oh noes, i wasted so many of these scrolls already.
 39393 | D:13     | Noticed Maurice
 39414 | D:13     | Killed Maurice
 39589 | D:13     | Identified the ring of Charity {+Fly rPois} (You acquired it on level 13 of the Dungeon)
 39847 | D:14     | Reached skill level 15 in Unarmed Combat
 39885 | D:14     | Monsterracer: what's the next streak game after this?
 39934 | D:14     | FelidMasterRace: Either nothing or something oldschool like FePr.
 39934 | D:14     | Monsterracer: streaking op next?
 40301 | D:14     | Reached skill level 12 in Fighting
 40309 | D:14     | tidbits: oh look, bvc just sitting there unused
 40330 | D:14     | Leszczynek: there's nothing to play after Fe
 40330 | D:14     | FelidMasterRace: Oh boy, everybody's going so crazy over DVC.
 40330 | D:14     | FelidMasterRace: *DVC
 40330 | D:14     | FelidMasterRace: God, it's BVC.
 40631 | D:15     | Entered Level 15 of the Dungeon
 40632 | D:15     | iamserjio: Gods BVC Was Strong Then!
 40632 | D:15     | FelidMasterRace: Like, is it seriously worth abandoning my entire "build" for that/
 40662 | D:15     | Reached XP level 15. HP: 72/72 MP: 11/22
 40685 | D:15     | Reached skill level 5 in Spellcasting
 40766 | D:15     | Learned a level 3 spell: Regeneration
 40829 | D:15     | Noticed Josephine
 40842 | D:14     | Reached skill level 1 in Charms
 40934 | D:15     | Reached skill level 2 in Charms
 40934 | D:15     | Reached skill level 1 in Necromancy
 41222 | D:15     | Killed Josephine
 41222 | D:15     | Reached skill level 3 in Charms
 41393 | D:15     | P0WERM0DE: bvc wrecks skele warriors
 41409 | D:14     | P0WERM0DE: and manticores too
 41409 | D:14     | P0WERM0DE: and.... ehh.. asmodeus
 41433 | D:14     | FelidMasterRace: Lolwhat.
 41433 | D:14     | P0WERM0DE: :P
 41495 | D:15     | Reached skill level 2 in Necromancy
 41506 | D:15     | Found a staircase to the Depths.
 41510 | D:15     | Reached skill level 4 in Charms
 41688 | D:15     | iamserjio: 3 bvc can kill Mara
 41765 | D:15     | FelidMasterRace: Do i need to max the spell power or something?
 41893 | D:15     | P0WERM0DE: nah
 41899 | D:15     | Reached skill level 5 in Charms
 41900 | D:15     | P0WERM0DE: its useful all the way
 41901 | D:15     | P0WERM0DE: combined with statue melee wrekkage
 41958 | D:15     | P0WERM0DE: and ofc master kiter spell
 42105 | D:11     | P0WERM0DE: :P
 42109 | D:11     | P0WERM0DE: tempting
 42147 | D:11     | Got a translucent copper ring
 42358 | Lair:5   | Reached skill level 6 in Spellcasting
 42481 | Swamp:1  | Entered Level 1 of the Swamp
 42521 | Swamp:1  | Learned a level 4 spell: Passage of Golubria
 42551 | Swamp:1  | Reached skill level 1 in Translocations
 42599 | Swamp:1  | Noticed P0WERM0DE's ghost (journeyman GnNe)
 42602 | Swamp:1  | FelidMasterRace: Hi there.
 42604 | Swamp:1  | Gained mutation: You do not regenerate when monsters are visible. [a Zot trap]
 42720 | Swamp:1  | Killed P0WERM0DE's ghost
 42720 | Swamp:1  | Reached skill level 2 in Translocations
 42865 | Swamp:1  | Reached skill level 3 in Translocations
 43032 | Swamp:1  | Reached skill level 4 in Translocations
 43144 | Swamp:1  | Reached skill level 5 in Translocations
 43523 | Swamp:1  | Gorglomux: Cat !
 43857 | Swamp:2  | tidbits: cool cats don't use bvc
 44152 | Swamp:1  | Gorglomux: HE CUTEST
 44798 | Swamp:2  | Identified the ring of Qacis {rCorr Int-2 Dex+7 Stlth+} (You found it on level 11 of the Dungeon)
 44816 | Swamp:2  | Reached skill level 14 in Dodging
 45365 | Swamp:3  | Noticed Kirke
 45388 | Swamp:2  | Killed Kirke
 45791 | Swamp:3  | Noticed a thorn hunter
 45797 | Swamp:3  | Killed a thorn hunter
 45960 | Swamp:3  | tidbits: i keep seeing perfect spots for landing bvc. the spell has ruined me.
 46002 | Swamp:3  | Reached XP level 16. HP: 70/77 MP: 23/26
 46119 | Swamp:3  | FelidMasterRace: Well, if i keep finding nothing i'll actually learn it.
 46302 | Swamp:3  | Noticed Mara
 46481 | Swamp:4  | Entered Level 4 of the Swamp
 46483 | Swamp:4  | FelidMasterRace: Purrfect!
 46497 | Swamp:4  | Noticed a thorn hunter
 46498 | Swamp:4  | Reached skill level 16 in Unarmed Combat
 46503 | Swamp:4  | Killed a thorn hunter
 46513 | Swamp:4  | Got a decaying rune of Zot
 46521 | Swamp:4  | Noticed a thorn hunter
 47056 | Swamp:4  | Killed a thorn hunter
 47176 | Swamp:4  | Reached skill level 13 in Fighting
 47225 | Swamp:4  | Noticed Bai Suzhen
 47534 | Swamp:4  | Noticed Donald
 47547 | Swamp:4  | Killed Donald
 47547 | Swamp:4  | Reached skill level 15 in Dodging
 47612 | Swamp:3  | Noticed FelidMasterRace's illusion
 47895 | Swamp:4  | Noticed Louise
 48487 | Swamp:3  | Killed Mara
 48572 | Snake:1  | Entered Level 1 of the Snake Pit
 48664 | Snake:1  | Reached skill level 1 in Earth Magic
 48674 | Snake:1  | Reached skill level 1 in Transmutations
 48956 | Snake:1  | Reached skill level 2 in Earth Magic
 49065 | Snake:1  | Reached skill level 2 in Transmutations
 49342 | Snake:1  | Reached skill level 3 in Earth Magic
 49847 | Snake:1  | Reached skill level 3 in Transmutations
 50142 | Snake:1  | Reached skill level 7 in Spellcasting
 50312 | Snake:1  | You fall through a shaft!
 50321 | Snake:2  | Found Noent's Distillery.
 50325 | Snake:2  | Found Foidgh's Food Emporium.
 50329 | Snake:2  | Noticed error's ghost (journeyman OpSu)
 50833 | Snake:2  | Noticed Vashnia
 50834 | Snake:2  | FelidMasterRace: Does Apocalypse kill sharpshooters?
 50834 | Snake:2  | FelidMasterRace: :thinking:
 50835 | Snake:2  | FelidMasterRace: Apparently, yes.
 51061 | Snake:2  | Found Guakk's Assorted Antiques.
 51074 | Snake:2  | Bought a scroll of magic mapping for 133 gold pieces
 51090 | Snake:2  | Reached skill level 8 in Spellcasting
 51102 | Snake:2  | Reached skill level 3 in Necromancy
 51118 | Snake:2  | Learned a level 5 spell: Borgnjor's Vile Clutch
 51311 | Snake:2  | Reached XP level 17. HP: 45/82 MP: 30/30
 51432 | Snake:2  | Killed error's ghost
 51432 | Snake:2  | Reached skill level 4 in Earth Magic
 51675 | Snake:2  | Reached skill level 4 in Necromancy
 52508 | Snake:2  | Reached skill level 5 in Earth Magic
 53025 | Snake:3  | Reached skill level 5 in Necromancy
 53772 | Snake:3  | Reached skill level 6 in Earth Magic
 54482 | Snake:3  | Reached skill level 6 in Necromancy
 54738 | Snake:3  | Reached skill level 7 in Earth Magic
 55895 | Snake:4  | Entered Level 4 of the Snake Pit
 55897 | Snake:4  | FelidMasterRace: I might just do this level tomorrow.
 55897 | Snake:4  | FelidMasterRace: For now, i got a trove.
 56157 | D:13     | You paid a toll of 2 scrolls of acquirement to enter a treasure trove
 56158 | Trove    | Entered a treasure trove
 56169 | Trove    | Got a vibrating steel ring
 56171 | Trove    | Got a fine ivory ring
 56173 | Trove    | Got a flickering glass ring
 56179 | Trove    | Got a glittering golden ring
 56182 | Trove    | Got a coiled bronze ring
 56184 | Trove    | Got a steaming lapis lazuli ring
 56191 | Trove    | Got a twitching iron amulet
 56200 | Trove    | FelidMasterRace: Wanted books, got jewellery.
 56200 | Trove    | Identified the ring "Reticeob" {+Blink Int+4 Stlth+} (You found it in a treasure trove)
 56201 | Trove    | Identified the ring of Irrepressible Laughter {+Blink rN+++ Int+2 Dex-2 SInv} (You found it in a treasure trove)
 56202 | Trove    | GordonOverkill: Good evening, guys :)
 56202 | Trove    | Identified the ring "Myenleev" {rN+ Dex+3 Slay+2} (You found it in a treasure trove)
 56203 | Trove    | Identified the amulet of Wodoth {Harm *Drain Str+4 SInv} (You found it in a treasure trove)
 56204 | Trove    | Identified the ring of Butchery {MR+ EV+1 Str+2} (You found it in a treasure trove)
 56472 | Snake:3  | FelidMasterRace: Thanks for watcing, don't forget to comment, like and subscribe. Lol.
 57096 | Snake:4  | Reached skill level 8 in Earth Magic
 57153 | Snake:4  | Found a radiant altar of Vehumet.
 57473 | Snake:4  | FelidMasterRace: I'll just do this one floor.
 57490 | Snake:4  | Found a glowing silver altar of Zin.
 57493 | Snake:4  | Monsterracer: why wouldn't you
 57519 | Snake:4  | FelidMasterRace: Cause knees weak, palms are sweaty.
 57570 | Snake:4  | Reached skill level 17 in Unarmed Combat
 57972 | Snake:4  | Found an iron altar of Okawaru.
 58045 | Snake:4  | Found a sacrificial altar of Ru.
 58150 | Snake:4  | Identified the ring of Zamah {Fire *Drain rN+ Dex+9 Stlth+} (You found it in a treasure trove)
 58187 | Snake:4  | FelidMasterRace: BVC is stupid btw.
 58640 | Snake:3  | tidbits: <3
 58900 | Snake:4  | tidbits: true fashionistas fling bvc wearing stylish mp regen amulet
 59261 | Snake:4  | Reached XP level 18. HP: 77/87 MP: 13/31
 59585 | Snake:4  | Reached skill level 16 in Dodging
 59586 | Snake:4  | Monsterracer: have you died yet?
 59586 | Snake:4  | Monsterracer: have you died yet?
 59614 | Snake:4  | FelidMasterRace: Nope.
 59755 | Snake:4  | Monsterracer: !stalk $p
 59787 | Snake:4  | Monsterracer: y no bot
 59807 | Snake:4  | FelidMasterRace: Not used to those.
 60497 | Snake:4  | Reached skill level 14 in Fighting
 61144 | Snake:4  | Reached skill level 18 in Unarmed Combat
 61376 | Snake:3  | FelidMasterRace: Dang, this is hard.
 62254 | Snake:4  | Got a serpentine rune of Zot
 62647 | Lair:3   | krfreak: Are you a fan of BVC yet?
 62788 | D:13     | FelidMasterRace: Nah, it feels very out of place.
 62788 | D:13     | FelidMasterRace: Anyway, i'm gone.
 62790 | Vaults:1 | Entered Level 1 of the Vaults
 64649 | Vaults:1 | Reached skill level 17 in Dodging
 65931 | Vaults:2 | Reached skill level 19 in Unarmed Combat
 66083 | Vaults:2 | Reached XP level 19. HP: 92/92 MP: 32/32
 66603 | Vaults:2 | Noticed Nikola
 67021 | Vaults:2 | Reached skill level 15 in Fighting
 67678 | Vaults:2 | Killed Nikola
 68195 | Vaults:2 | Reached skill level 18 in Dodging
 68824 | Vaults:3 | Reached skill level 20 in Unarmed Combat
 68861 | Vaults:3 | Reached skill level 6 in Translocations
 68881 | Vaults:3 | Reached skill level 7 in Translocations
 69547 | Vaults:3 | Reached skill level 12 in Hexes
 69725 | Vaults:3 | Found a staircase to the Crypt.
 69951 | Vaults:4 | Noticed Jorgrun
 69957 | Vaults:4 | Killed Jorgrun
 70179 | Vaults:3 | Reached skill level 13 in Hexes
 70195 | Vaults:3 | Reached skill level 7 in Necromancy
 71733 | Vaults:3 | Reached XP level 20. HP: 97/97 MP: 29/33
 72797 | Vaults:3 | Reached skill level 8 in Necromancy
 72932 | Vaults:4 | Reached skill level 9 in Earth Magic
 73105 | Vaults:4 | Identified the ring of the Illusory Ghosts {*Corrode +Blink MR+++ Int+2 SInv} (You found it in a treasure trove)
 73543 | Vaults:4 | Lost mutation: You do not regenerate when monsters are visible. [potion of mutation]
 73543 | Vaults:4 | Gained mutation: Your mind is acute. (Int +2) [potion of mutation]
 73543 | Vaults:4 | Gained mutation: Your muscles are strong. (Str +2) [potion of mutation]
 73543 | Vaults:4 | Gained mutation: You have an increased reservoir of magic. (+10% MP) [potion of mutation]
 74303 | Vaults:4 | Reached skill level 10 in Earth Magic
 74489 | Vaults:4 | Learned a level 3 spell: Confuse
 76470 | Elf:1    | Entered Level 1 of the Elven Halls
 76696 | Elf:1    | Killed from afar by a deep elf mage
 76696 | Elf:1    | FelidMasterRace: WutFace
 76697 | Elf:1    | Reached XP level 19. HP: -4/93 MP: 30/35
 77642 | Elf:1    | P0WERM0DE: still no final sac
 77643 | Elf:1    | P0WERM0DE: ??
 77644 | Elf:1    | FelidMasterRace: I'm waiting to sac experience.
 77644 | Elf:1    | P0WERM0DE: aye for extra lives glitch?
 77644 | Elf:1    | FelidMasterRace: Wanna do it when i have statue.
 77644 | Elf:1    | P0WERM0DE: k
 77644 | Elf:1    | P0WERM0DE: eye isnt enough to make you full?
 77644 | Elf:1    | FelidMasterRace: Is there a glitch with those?
 77644 | Elf:1    | P0WERM0DE: k
 77644 | Elf:1    | FelidMasterRace: Not even enough.
 77644 | Elf:1    | P0WERM0DE: i dunno i was just guessing
 77644 | Elf:1    | FelidMasterRace: If anything, sacrificing XP would be awful for my lives.
 77771 | Elf:1    | P0WERM0DE: well you need less XP again to since youre lower
 77834 | Elf:1    | P0WERM0DE: but XP gives 2*
 77944 | Elf:1    | P0WERM0DE: its a bit overkill
 77951 | Elf:1    | P0WERM0DE: you can get full with a lighter sac
 77961 | Elf:1    | P0WERM0DE: although its ofc one which is mostly good to take
 77961 | Elf:1    | P0WERM0DE: i think even 2,5 *
 77961 | Elf:1    | FelidMasterRace: Eh, i'll probably never get the last sac if i just decline now.
 77973 | Elf:1    | P0WERM0DE: ye
 78262 | Elf:1    | FelidMasterRace: I died once btw.
 78470 | Elf:2    | Reached skill level 21 in Unarmed Combat
 78481 | Elf:2    | Reached skill level 19 in Dodging
 78484 | Elf:2    | Reached XP level 20. HP: 98/98 MP: 25/36
 78485 | Elf:2    | Found Asikesuc's Book Emporium.
 78600 | Elf:2    | Bought a book of the Earth for 1105 gold pieces
 78600 | Elf:2    | Bought a manual of Dodging for 1876 gold pieces
 78602 | Elf:2    | FelidMasterRace: How does faith amulet interact with Ru?
 78603 | Elf:2    | P0WERM0DE: you get sacs offered faster
 78603 | Elf:2    | P0WERM0DE: and no penalty for removing afaik
 78603 | Elf:2    | FelidMasterRace: Oh, nice.
 79218 | Elf:2    | Found a runed gate.
 79218 | Elf:2    | Found a runed gate.
 79218 | Elf:2    | Found a runed gate.
 79275 | Elf:2    | Reached skill level 9 in Spellcasting
 79943 | Elf:2    | FelidMasterRace: Look at me ma, i'm doing Hall of Blades in 2018.
 79968 | Elf:2    | Reached skill level 4 in Transmutations
 80143 | Elf:2    | Reached skill level 5 in Transmutations
 80242 | Elf:2    | Learned a level 6 spell: Statue Form
 80516 | Elf:2    | Reached skill level 6 in Transmutations
 80751 | Elf:3    | Entered Level 3 of the Elven Halls
 80751 | Elf:3    | Noticed Linguinho's ghost (adept MiBe)
 80761 | Elf:3    | Found Osilo's Book Shoppe.
 80978 | Elf:3    | Reached skill level 7 in Transmutations
 81416 | Elf:3    | Reached skill level 8 in Transmutations
 81528 | Elf:3    | Killed Linguinho's ghost
 81928 | Elf:3    | Reached skill level 9 in Transmutations
 82562 | Elf:3    | Reached skill level 10 in Transmutations
 83135 | Elf:3    | Reached skill level 11 in Transmutations
 83581 | Elf:3    | Identified the Volume of the Ashen Glacier
 83585 | Elf:3    | Identified Bymeq's Almanac of Igneous Displacement
 83589 | Elf:3    | Found the +7 Singing Sword
 83913 | Depths:1 | Entered Level 1 of the Depths
 83928 | Depths:1 | Noticed RepoMan's ghost (adept DrTm)
 83930 | Depths:1 | Reached XP level 21. HP: 80/102 MP: 20/39
 83930 | Depths:1 | Reached skill level 10 in Spellcasting
 83969 | Depths:1 | Noticed Aizul
 83978 | Depths:1 | Killed Aizul
 84253 | Depths:1 | Paralysed by a floating eye for 3 turns
 84254 | Depths:1 | Demolished by an ettin
 84255 | Depths:1 | Reached XP level 20. HP: -18/127 MP: 27/39
 84255 | Depths:1 | FelidMasterRace: Wtf, i was invisible >_<
 84397 | Depths:1 | Reached skill level 11 in Spellcasting
 84671 | Depths:1 | Found a runed door.
 85068 | Depths:1 | Killed RepoMan's ghost
 85213 | Depths:1 | Found a gateway to Hell.
 85215 | Depths:1 | P0WERM0DE: :P
 85296 | Depths:1 | FelidMasterRace: Man, you didn't even see it.
 85296 | Depths:1 | P0WERM0DE: so wat iron rune to celebrate ?
 85296 | Depths:1 | P0WERM0DE: ye i was reading sorry
 85318 | Depths:1 | P0WERM0DE: http://crawl.develz.org/wordpress/trunk-updates-and-0-22-release-and-tournament-info
 85318 | Depths:1 | P0WERM0DE: mid august he says
 85318 | Depths:1 | P0WERM0DE: probably another tourney to skip for me
 85318 | Depths:1 | FelidMasterRace: Hm, this change list looks larger than expected.
 85816 | Depths:2 | Reached skill level 12 in Spellcasting
 85853 | Depths:2 | Reached skill level 16 in Fighting
 86057 | Depths:2 | P0WERM0DE: yea
 86079 | Depths:2 | P0WERM0DE: i also think its more active now than before 0.21
 86098 | Depths:2 | Reached skill level 6 in Charms
 86242 | Depths:2 | Found a one-way gate to the infinite horrors of the Abyss.
 86250 | Depths:2 | Identified the ring "Jyonesomeg" {Int+5 Dex+6 SInv} (You acquired it on level 2 of the Depths)
 86397 | Depths:2 | Reached skill level 6 in Air Magic
 86484 | Depths:2 | Reached skill level 7 in Charms
 86619 | Depths:2 | P0WERM0DE: any fast runs sergey?
 86740 | Depths:2 | Found the +6 lightning scales {run, rElec}
 86741 | Depths:2 | Sergey: nah
 86763 | Depths:2 | Sergey: just died in zot:5 at 56 mins and vaults 5 at 40 mins
 86763 | Depths:2 | P0WERM0DE: kk
 86763 | Depths:2 | P0WERM0DE: !lg . -log
 86771 | Depths:2 | Learned a level 6 spell: Deflect Missiles
 86773 | Depths:2 | P0WERM0DE: died twice in pan with good turncounts
 86775 | Depths:2 | P0WERM0DE: GnNe
 86798 | Depths:2 | Sergey: I saw one with 11 runes
 86813 | Depths:2 | Sergey: are you aiming for wr ?
 86826 | Depths:2 | Reached XP level 21. HP: 102/102 MP: 35/42
 86834 | Depths:2 | Reached skill level 8 in Charms
 87275 | Depths:2 | Reached skill level 7 in Air Magic
 87305 | Depths:3 | Noticed Sojobo
 87539 | Depths:3 | Killed Sojobo
 87539 | Depths:3 | Reached skill level 9 in Charms
 87700 | Depths:3 | Noticed a caustic shrike
 87830 | Depths:2 | Killed a caustic shrike
 87830 | Depths:2 | Reached skill level 8 in Air Magic
 87923 | Depths:3 | Reached skill level 10 in Charms
 88513 | Depths:3 | Noticed a juggernaut
 88609 | Depths:3 | Killed a juggernaut
 88609 | Depths:3 | Reached skill level 9 in Air Magic
 88675 | Depths:3 | Reached skill level 11 in Charms
 88964 | Depths:3 | Found a one-way gate leading to the halls of Pandemonium.
 89040 | Depths:3 | Found the +8 glaive of the Guard {elec, +Rage AC+5 SInv}
 89232 | Depths:4 | Noticed Mennas
 89232 | Depths:4 | FelidMasterRace: Aaah, guys, watch this play!
 89232 | Depths:4 | Sergey: nice
 89232 | Depths:4 | Killed Mennas
 89285 | Depths:4 | Got a scorched granite ring
 89364 | Depths:4 | Found a gateway to a ziggurat.
 89413 | Depths:4 | Reached skill level 20 in Dodging
 89430 | Depths:4 | Identified the ring of the Coward {rPois rF+ MP-9 Str+3 Dex+4} (You took it off a vampire knight on level 4 of the Depths)
 89532 | Depths:4 | Reached XP level 22. HP: 107/107 MP: 24/43
 89640 | Depths:4 | Noticed the Enchantress
 89653 | Depths:4 | Killed the Enchantress
 89869 | Depths:4 | Reached skill level 21 in Dodging
 89891 | Depths:4 | Identified the ring of Idealism {rPois MP+9 Int+2 Slay+2} (You found it on level 4 of the Depths)
 90083 | Depths:4 | P0WERM0DE: for personal best first
 90101 | Depths:4 | P0WERM0DE: yea i had 2 guys in pan 15k and 16k
 90129 | Depths:4 | P0WERM0DE: both wouldve been 19-22k range possible
 90293 | Depths:4 | Got a shimmering tin ring
 90322 | Depths:4 | Identified the ring of Dooraf {rElec rPois MR++ SInv Stlth-} (You found it on level 4 of the Depths)
 90509 | Depths:4 | Noticed a golden dragon
 90515 | Depths:4 | Killed a golden dragon
 90547 | Depths:4 | FelidMasterRace: Going for the rune then taking a break.
 90549 | Depths:4 | Voluntarily entered the Abyss.
 90778 | Abyss:1  | Sergey: p0, what do you think abaut abyssal or slime rune as 3rd for rt speedruns ?
 90798 | Abyss:1  | P0WERM0DE: https://plclip.com/video/rejepi4tZ80/arkadius-li%C2%B4l-momo-fusion-trancefloor-2018.html
 90838 | Abyss:1  | P0WERM0DE: i tried it but the experience and items from V5 seem to make more sense
 90848 | Abyss:1  | Sergey: abyssal can be even faster
 90859 | Abyss:1  | P0WERM0DE: i had some runs fail in zot where i got abyssal
 90863 | Abyss:1  | Sergey: ye, agree with that
 90879 | Abyss:1  | P0WERM0DE: you prob need to do depths instead then a bit
 90887 | Abyss:1  | P0WERM0DE: to reach like xl 20-21
 90902 | Abyss:1  | P0WERM0DE: and then its probably faster to do vaults
 90918 | Abyss:1  | P0WERM0DE: since depths has some tough enemies
 90929 | Abyss:1  | P0WERM0DE: and is very random
 91114 | Abyss:1  | Reached skill level 22 in Dodging
 91215 | Abyss:1  | FelidMasterRace: Finding these portals takes me forever recently.
 91215 | Abyss:1  | FelidMasterRace: It's almost like i'm actually supposed to fight things.
 91224 | Abyss:1  | P0WERM0DE: ye
 91232 | Abyss:1  | P0WERM0DE: better to kill stuff usually
 91290 | Abyss:1  | FelidMasterRace: I swear it wasn't like that in 0.18.
 91387 | Abyss:1  | Noticed an ancient lich
 91392 | Abyss:1  | Killed an ancient lich
 91392 | Abyss:1  | Reached skill level 17 in Fighting
 91431 | Abyss:3  | Found a corrupted altar of Lugonu.
 91489 | Abyss:3  | P0WERM0DE: yea but its super random always
 91493 | Abyss:3  | P0WERM0DE: i like new system more
 91501 | Abyss:3  | P0WERM0DE: with forced portals and also the marked rune vault
 91521 | Abyss:3  | P0WERM0DE: you could def also spend 2k turns in abyss without portal in 018 if unlucky
 91545 | Abyss:3  | Reached skill level 22 in Unarmed Combat
 91907 | Abyss:3  | Found a corrupted altar of Lugonu.
 92095 | Abyss:4  | Found an ancient bone altar of Kikubaaqudgha.
 92153 | Abyss:4  | Reached skill level 23 in Dodging
 92576 | Abyss:4  | Found a corrupted altar of Lugonu.
 92648 | Abyss:4  | Reached XP level 23. HP: 112/112 MP: 34/44
 92680 | Abyss:4  | Got an abyssal rune of Zot
 92686 | Abyss:4  | Reached skill level 24 in Dodging
 92738 | Abyss:5  | Entered Level 5 of the Abyss
 92738 | Abyss:5  | Found a transporter.
 92770 | Depths:4 | Escaped the Abyss
 92805 | Depths:4 | FelidMasterRace: That was hella hard.
 92805 | Depths:4 | FelidMasterRace: See you later.
 92808 | Depths:5 | Entered Level 5 of the Depths
 92813 | Depths:5 | Noticed Jory
 92829 | Depths:5 | Killed Jory
 92894 | Depths:5 | Noticed a juggernaut
 92905 | Depths:5 | Killed a juggernaut
 93113 | Depths:5 | Noticed a juggernaut
 93123 | Depths:5 | Killed a juggernaut
 93365 | Depths:5 | Noticed Frederick
 93370 | Depths:5 | Killed Frederick
 93726 | Depths:5 | Found a gate to the Realm of Zot.
 93756 | Depths:5 | Reached skill level 23 in Unarmed Combat
 94104 | Zot:1    | Entered Level 1 of the Realm of Zot
 94104 | Zot:1    | Found the cursed necklace of Bloodlust {*Rage +Rage MR++ Int-3 Slay+6 *Curse}
 94107 | Zot:1    | Noticed an orb of fire
 94119 | Zot:1    | Gained mutation: You passively map a small area around you. [an orb of fire]
 94171 | Depths:5 | FelidMasterRace: Well, uhm, no dragon form.
 94303 | Depths:5 | Gained mutation: You are partially covered in yellow scales. (AC +2) [an orb of fire]
 94305 | Depths:5 | Killed an orb of fire
 94352 | Zot:1    | Reached skill level 18 in Fighting
 94406 | Zot:1    | Noticed a curse toe
 94426 | Zot:1    | Killed a curse toe
 94506 | Zot:1    | P0WERM0DE: rF ++ ?
 94511 | Zot:1    | FelidMasterRace: Nah.
 94525 | Zot:1    | P0WERM0DE: damn
 94526 | Zot:1    | P0WERM0DE: then you need help vs OOF probably eh
 94526 | Zot:1    | FelidMasterRace: Unless i grab a ring of fire from somewhere else.
 94570 | Zot:1    | P0WERM0DE: rF+ with statue and low hp is def risky
 94577 | Zot:1    | P0WERM0DE: vs single OOF
 94612 | Zot:1    | FelidMasterRace: Feeling way too lazy to do V:5.
 94612 | Zot:1    | FelidMasterRace: And Slime is hard if you sacrifice love.
 94617 | Zot:1    | Found a huge runed gate.
 94617 | Zot:1    | Found a huge runed gate.
 94617 | Zot:1    | Found a huge runed gate.
 94617 | Zot:1    | Found a huge runed gate.
 94617 | Zot:1    | Found a huge runed gate.
 94617 | Zot:1    | Found a huge runed gate.
 94617 | Zot:1    | Found a huge runed gate.
 94624 | Zot:1    | Found a huge runed gate.
 94625 | Zot:1    | Found a huge runed gate.
 94625 | Zot:1    | Found a huge runed gate.
 94625 | Zot:1    | Found a huge runed gate.
 94625 | Zot:1    | Found a huge runed gate.
 94625 | Zot:1    | Found a huge runed gate.
 94625 | Zot:1    | Found a huge runed gate.
 94625 | Zot:1    | Found a huge runed gate.
 94630 | Zot:1    | Found a huge runed gate.
 94636 | Zot:1    | Found a huge runed gate.
 94636 | Zot:1    | Found a huge runed gate.
 94636 | Zot:1    | Found a huge runed gate.
 94772 | Zot:1    | Reached skill level 11 in Stealth
 94975 | Zot:1    | Found a huge runed gate.
 94976 | Zot:1    | Found a huge runed gate.
 94984 | Zot:1    | Found a huge runed gate.
 94984 | Zot:1    | Found a huge runed gate.
 94984 | Zot:1    | Found a huge runed gate.
 94984 | Zot:1    | Found a huge runed gate.
 94984 | Zot:1    | Found a huge runed gate.
 95121 | Zot:1    | Reached XP level 24. HP: 119/119 MP: 27/44
 95244 | Zot:2    | Reached skill level 12 in Stealth
 95292 | Zot:2    | Found the +3 hat of Pondering {ponderous, MR+ MP+10 Int+5}
 95350 | Zot:2    | P0WERM0DE: didnt ya do abyss already?
 95356 | Zot:2    | FelidMasterRace: I did.
 95425 | Zot:2    | Gorglomux: 15 runes or nothing !!!!!
 95753 | Zot:2    | FelidMasterRace: Someone wants me to die to boredom.
 95768 | Zot:2    | P0WERM0DE: felid extended isnt that boring imo
 95782 | Zot:2    | P0WERM0DE: well ok with teh lives it is, but still more challenging than some others
 95782 | Zot:2    | P0WERM0DE: esp with love sacrificed
 95782 | Zot:2    | FelidMasterRace: Without Makhleb it's puresuffering.
 95782 | Zot:2    | P0WERM0DE: how can you do so
 95817 | Zot:2    | P0WERM0DE: the most beautiful thing on earth
 95865 | Zot:2    | FelidMasterRace: Nobody loved me anyway.
 95907 | Zot:2    | P0WERM0DE: i have free universal love for everyone
 95926 | Zot:2    | P0WERM0DE: sicne hippie
 95942 | Zot:3    | P0WERM0DE: but dont get attached
 96239 | Zot:3    | Reached skill level 13 in Stealth
 96774 | Zot:3    | Reached skill level 19 in Fighting
 96825 | Zot:3    | Reached skill level 14 in Stealth
 97061 | Zot:4    | Reached skill level 24 in Unarmed Combat
 97098 | Zot:4    | Identified the Catalogue of Flying Combat Magic
 97390 | Zot:4    | Reached skill level 15 in Stealth
 98057 | Zot:4    | Reached XP level 25. HP: 126/126 MP: 29/44
 98076 | Zot:4    | krfreak: That fucking vault
 98091 | Zot:4    | Reached skill level 20 in Fighting
 98222 | Zot:4    | FelidMasterRace: Such fun, much interaction.
 98294 | Zot:4    | Lokiki: Ru belives that you want to get fucked by him again
 98294 | Zot:4    | FelidMasterRace: Gotta sac resistance right before ascending *shrug*
 98423 | Zot:5    | Entered Level 5 of the Realm of Zot
 98511 | Zot:5    | Reached skill level 25 in Dodging
 98608 | Zot:5    | Lokiki: With which god have you started?
 98649 | Zot:5    | FelidMasterRace: Eh, i haven't switched gods.
 98754 | Zot:5    | Noticed AAA992's ghost (legendary HOFi)
 98779 | Zot:5    | Lokiki: Rejected some of Ru sacrifices then?
 98780 | Zot:5    | FelidMasterRace: A few, yes.
 98886 | Zot:5    | Killed AAA992's ghost
 99640 | Zot:5    | Noticed an ancient lich
 99640 | Zot:5    | Noticed an ancient lich
 99658 | Zot:5    | Killed an ancient lich
 99658 | Zot:5    | Reached skill level 25 in Unarmed Combat
 99667 | Zot:5    | Killed an ancient lich
100904 | Zot:5    | Noticed an orb of fire
100912 | Zot:5    | Gained mutation: Your spells are a little easier to cast, but a little less powerful. [an orb of fire]
100913 | Zot:5    | Killed an orb of fire
100978 | Zot:5    | Noticed an orb of fire
100985 | Zot:5    | Noticed an orb of fire
101011 | Zot:5    | Killed an orb of fire
101101 | Zot:5    | Killed an orb of fire
101101 | Zot:5    | Reached XP level 26. HP: 132/132 MP: 27/44
101143 | Zot:5    | Noticed an orb of fire
101146 | Zot:5    | Lost mutation: Your mind is acute. (Int +2) [an orb of fire]
101151 | Zot:5    | Killed an orb of fire
101215 | Zot:5    | Reached skill level 26 in Dodging
101252 | Zot:5    | Gorglomux: TEH ORB
101362 | Zot:5    | Noticed an ancient lich
101374 | Zot:5    | Killed an ancient lich
101374 | Zot:5    | Reached skill level 21 in Fighting
101455 | Zot:5    | Got the Orb of Zot
101611 | Zot:1    | Reached skill level 26 in Unarmed Combat
101615 | Zot:1    | Noticed Qaiffuneq the pandemonium lord
101615 | Zot:1    | Noticed Giuskeuh the pandemonium lord
101618 | Depths:5 | P0WERM0DE: nice one
101618 | Depths:5 | FelidMasterRace: > fan of gales is useless
101618 | Depths:5 | P0WERM0DE: ye
101733 | Depths:1 | P0WERM0DE: you couldve also bvc'd them to death
101883 | D:9      | Noticed a seraph
101888 | D:9      | Noticed a seraph
101893 | D:9      | FelidMasterRace: Holy cat!
101939 | D:7      | Lokiki: Speedforce
101993 | D:5      | pedritolo: run lola run!
102066 | D:1      | Gained mutation: You are sensitive to extremes of temperature. (rF-, rC-) [Ru sacrifice]
102066 | D:1      | Reached ****** piety under Ru
102067 | D:1      | P0WERM0DE: congraz man!! super impressive streak finishd :)
102068 | D:1      | Lokiki: Ge Ge
102068 | D:1      | krfreak: GG!
102069 | D:$      | Escaped with the Orb!

Skill      XL: |  1  2  3  4  5  6  7  8  9 10 11 12 13 14 15 16 17 18 19 20 21 22 23 24 25 26 |
---------------+-------------------------------------------------------------------------------+-----
Conjurations   | 1 2 |  2.0
Poison Magic   | 3 4 5 |  5.0
Air Magic      | 1 2 3 4 5 6 9 |  9.5
Fighting       | 2 4 5 6 8 9 10 12 13 14 15 16 17 18 19 20 21 | 21.0
Dodging        | 4 6 8 10 12 13 14 15 17 19 20 23 24 25 26 | 26.1
Unarmed Combat | 3 6 8 10 11 12 13 15 16 17 19 21 22 23 24 25 26 | 26.0
Hexes          | 2 7 11 13 | 13.0
Spellcasting   | 4 6 8 12 10 | 12.5
Stealth        | 5 6 10 11 15 | 15.0
Evocations     | 5 7 8 |  8.1
Charms         | 5 7 11 | 11.4
Necromancy     | 2 3 6 7 8 |  8.7
Translocations | 5 7 |  7.1
Earth Magic    | 3 8 10 | 10.7
Transmutations | 3 11 | 11.4

Action                   |  1- 3 |  4- 6 |  7- 9 | 10-12 | 13-15 | 16-18 | 19-21 | 22-24 | 25-27 || total
-------------------------+-------+-------+-------+-------+-------+-------+-------+-------+-------++-------
Melee: Unarmed           |     1 |    17 |   169 |   603 |  1270 |  1386 |  1403 |   762 |   317 ||  5928
       Bite              |       |       |    18 |    55 |   129 |   160 |   157 |   105 |    55 ||   679
       Punch             |       |       |     6 |    26 |    70 |   121 |   114 |    88 |    37 ||   462
 Cast: Sting             |    34 |   134 |    48 |    66 |     1 |       |       |       |       ||   283
       Poisonous Vapours |    32 |    45 |    90 |    98 |    29 |    21 |     1 |       |       ||   316
       Mephitic Cloud    |       |     3 |    13 |    20 |    22 |     3 |    15 |       |       ||    76
       Confusing Touch   |       |       |    19 |    46 |    69 |   130 |    41 |       |       ||   305
       Olgreb's Toxic Ra |       |       |     9 |    90 |    42 |    14 |    15 |     1 |       ||   171
       Invisibility      |       |       |       |     2 |    63 |    45 |    89 |    23 |     4 ||   226
       Apportation       |       |       |       |     1 |     2 |     3 |     6 |    19 |     5 ||    36
       Passwall          |       |       |       |       |    20 |    30 |    32 |    89 |     9 ||   180
       Passage of Golubr |       |       |       |       |     3 |     9 |    13 |     5 |       ||    30
       Regeneration      |       |       |       |       |       |    95 |   104 |    46 |    20 ||   265
       Borgnjor's Vile C |       |       |       |       |       |   118 |   114 |    43 |     9 ||   284
       Confuse           |       |       |       |       |       |       |    29 |    17 |     6 ||    52
       Statue Form       |       |       |       |       |       |       |    49 |    58 |    36 ||   143
       Deflect Missiles  |       |       |       |       |       |       |     4 |     3 |     2 ||     9
Invok: Sacrifice Health  |       |       |     1 |       |       |       |       |       |       ||     1
       Sacrifice Love    |       |       |     1 |       |       |       |       |       |       ||     1
       Draw Out Power    |       |       |       |     2 |     2 |     8 |     1 |     2 |       ||    15
       Power Leap        |       |       |       |     1 |     5 |     9 |    13 |       |     5 ||    33
       Sacrifice Drink   |       |       |       |     1 |       |       |       |       |       ||     1
       Reject Sacrifices |       |       |       |       |     2 |     1 |       |     1 |       ||     4
       Apocalypse        |       |       |       |       |     3 |     5 |     4 |     3 |     1 ||    16
       Sacrifice Resista |       |       |       |       |       |       |       |       |     1 ||     1
 Abil: Evoke Flight      |       |       |       |       |    30 |    30 |       |       |       ||    60
       Stop Flying       |       |       |       |       |     6 |     5 |       |       |       ||    11
       End Transformatio |       |       |       |       |       |       |    15 |    19 |    19 ||    53
Evoke: Wand              |       |       |     1 |    10 |     6 |    19 |     7 |     2 |     2 ||    47
       Fan of gales      |       |       |       |       |       |       |       |       |     1 ||     1
  Use: Scroll            |     9 |     4 |     6 |    12 |    14 |    16 |    14 |    12 |     4 ||    91
       Potion            |       |       |       |     2 |       |       |     8 |     1 |     8 ||    19
 Stab: Sleeping          |       |     1 |     1 |    15 |    76 |    35 |   116 |    71 |     3 ||   318
       Confused          |       |       |    17 |    40 |    64 |    89 |    35 |     8 |     3 ||   256
       Distracted        |       |       |     1 |     1 |     5 |     8 |    12 |    11 |     4 ||    42
       Invisible         |       |       |       |    13 |   160 |    99 |   194 |    42 |    25 ||   533
       Paralysed         |       |       |       |       |    10 |    12 |     3 |     1 |       ||    26
  Eat: Chunk             |    13 |    13 |    23 |    52 |    78 |    56 |   130 |    46 |     5 ||   416
       Ration            |       |       |       |       |     1 |    24 |       |     4 |     6 ||    35
Armor: Skin              |       |     8 |       |       |       |       |   106 |   105 |    26 ||   245
Dodge: Dodged            |     6 |    54 |   144 |   426 |   741 |  1053 |  1307 |  1117 |   273 ||  5121
       Deflected         |       |       |       |       |       |       |     7 |    24 |     5 ||    36
